Workbook
Name ___xlnm.Print_Area_2: #REF!
Name ___xlnm.Print_Area_2: #REF!
Name ___xlnm.Print_Titles_2: #REF!
Name ___xlnm.Print_Titles_2: #REF!
Name ___xlnm.Print_Titles_3: #REF!
Name ___xlnm.Print_Titles_3: #REF!
Name __Anonymous_Sheet_DB__0: #REF!
Name __xlnm.Print_Area_2: #REF!
Name __xlnm.Print_Area_3: #REF!
Name __xlnm.Print_Area_3_1: #REF!
Name __xlnm.Print_Titles_2: #REF!
Name __xlnm.Print_Titles_3: #REF!
Name _R10P: #REF!
Name _R10R: #REF!
Name _R11P: #REF!
Name _R11R: #REF!
Name _R12P: #REF!
Name _R12R: #REF!
Name _R13P: #REF!
Name _R13R: #REF!
Name _R14P: #REF!
Name _R14R: #REF!
Name _R15P: #REF!
Name _R15R: #REF!
Name _R16P: #REF!
Name _R16R: #REF!
Name _R17P: #REF!
Name _R17R: #REF!
Name _R18P: #REF!
Name _R18R: #REF!
Name _R19P: #REF!
Name _R19R: #REF!
Name _R1P: #REF!
Name _R1R: #REF!
Name _R20P: #REF!
Name _R20R: #REF!
Name _R21P: #REF!
Name _R21R: #REF!
Name _R22P: #REF!
Name _R22R: #REF!
Name _R23P: #REF!
Name _R23R: #REF!
Name _R24P: #REF!
Name _R24R: #REF!
Name _R2P: #REF!
Name _R2R: #REF!
Name _R3P: #REF!
Name _R3R: #REF!
Name _R4P: #REF!
Name _R4R: #REF!
Name _R5P: #REF!
Name _R5R: #REF!
Name _R6P: #REF!
Name _R6R: #REF!
Name _R7P: #REF!
Name _R7R: #REF!
Name _R8P: #REF!
Name _R8R: #REF!
Name _R9P: #REF!
Name _R9R: #REF!

Sheet Planilha de Serviços
C1: PLANILHA DE SERVIÇOS - CONSTRUÇÃO CIVIL
A2: Município: | B2: CIDADE GAUCHA
A3: Projeto: | B3: REFORMA NOVA CAMARA DOS VEREADORES | D3: BDI 1 | E3: 0.247
A4: M2 | B4: ÁREA A REFORMAR 417,37 M² | D4: BDI 2 | E4: 0.1924
A5: Tabela de referência: SINAPI de 01/2026 - sem desoneração | I5: 46093
A6: CÓDIGO | B6: ORIGEM | C6: DESCRIÇÃO DOS SERVIÇOS | D6: UD | E6: ORÇAMENTO
E7: QUANT | F7: UNIT | G7: PM ( R$ ) | H7: PM C/ BDI ( R$ ) | I7: ( R$ ) - PM TOTAIS | L7: 0.84998
C8: NOVA CAMARA DOS VEREADORES | I8: =SUM(I10:I125) -> 343508.72
A10: 1 | C10: MURO/ RAMPA | I10: =(H11+H17+H34) -> 171553.92
A11: 1.1 | C11: SERVIÇOS PRELIMINARES E ADMINISTRAÇÃO DA OBRA | H11: =SUM(H12:H16) -> 11218.667
A12: 103689 | B12: SINAPI | C12: FORNECIMENTO E INSTALAÇÃO DE PLACA DE OBRA COM CHAPA GALVANIZADA E ESTRUTURA DE MADEIRA. AF_03/2022_PS | D12: M2 | E12: 3.6 | F12: 476.51 | G12: =(F12*(1+$E$3)) -> 594.20797 | H12: =(E12*G12) -> 2139.1487
A13: 104789 | B13: SINAPI | C13: DEMOLIÇÃO DE PISO DE CONCRETO SIMPLES, DE FORMA MANUAL, SEM REAPROVEITAMENTO. AF_09/2023 | D13: M3 | E13: 0.17 | F13: 292.76 | G13: =(F13*(1+$E$3)) -> 365.07172 | H13: =(E13*G13) -> 62.062192
A14: 99059 | B14: SINAPI | C14: LOCACAO CONVENCIONAL DE OBRA, UTILIZANDO GABARITO DE TÁBUAS CORRIDAS PONTALETADAS A CADA 2,00M - 2 UTILIZAÇÕES. AF_10/2018 | D14: M | E14: 36.72 | F14: 80.97 | G14: =(F14*(1+$E$3)) -> 100.96959 | H14: =(E14*G14) -> 3707.6033
A15: 010776 | B15: SINAPI-I | C15: LOCACAO DE CONTAINER 2,30 X 6,00 M, ALT. 2,50 M, PARA ESCRITORIO, SEM DIVISORIAS INTERNAS E SEM SANITARIO (NAO INCLUI MOBILIZACAO/DESMOBILIZACAO) | D15: MES | E15: 3 | F15: 742.18 | G15: =(F15*(1+$E$4)) -> 884.97543 | H15: =(E15*G15) -> 2654.9263
A16: 106122 | B16: SINAPI | C16: REMOÇÃO DE ENTULHO CLASSE A (ALVENARIA, CONCRETO, ARGAMASSAS E CERÂMICOS) POR DUTO DE ENTULHO E ACONDICIONAMENTO FINAL EM CAÇAMBA ESTACIONÁRIA. EXCLUSO FRETE. AF_09/2025 | D16: M3 | E16: 3 | F16: 742.18 | G16: =(F16*(1+$E$4)) -> 884.97543 | H16: =(E16*G16) -> 2654.9263
A17: 1.2 | C17: FUNDACOES MURO/ RAMPA | H17: =SUM(H19:H33) -> 43842.841
A18: 1.2.1 | C18: ESTACAS
A19: 100896 | B19: SINAPI | C19: ESTACA ESCAVADA MECANICAMENTE, SEM FLUIDO ESTABILIZANTE, COM 25CM DE DIÂMETRO, CONCRETO LANÇADO POR CAMINHÃO BETONEIRA (EXCLUSIVE MOBILIZAÇÃO E DESMOBILIZAÇÃO). AF_01/2020 | D19: M | E19: 139 | F19: 62.34 | G19: =(F19*(1+$E$3)) -> 77.73798 | H19: =(E19*G19) -> 10805.579
A20: 95577 | B20: SINAPI | C20: MONTAGEM DE ARMADURA DE ESTACAS, DIÂMETRO = 10,0 MM. AF_09/2021_PS | D20: KG | E20: 272.71 | F20: 10.48 | G20: =(F20*(1+$E$3)) -> 13.06856 | H20: =(E20*G20) -> 3563.927
A21: 95592 | B21: SINAPI | C21: MONTAGEM DE ARMADURA TRANVERSAL DE ESTACAS DE SEÇÃO RETANGULAR, DIÂMETRO = 5,0 MM. AF_09/2021_PS | D21: KG | E21: 44.84 | F21: 18.41 | G21: =(F21*(1+$E$3)) -> 22.95727 | H21: =(E21*G21) -> 1029.404
A22: 1.2.2 | C22: BLOCOS
A23: 93358 | B23: SINAPI | C23: ESCAVAÇÃO MANUAL DE VALA. AF_09/2024 | D23: M3 | E23: 3.58 | F23: 124.25 | G23: =(F23*(1+$E$3)) -> 154.93975 | H23: =(E23*G23) -> 554.6843
A24: 104928 | B24: SINAPI | C24: FABRICAÇÃO, MONTAGEM E DESMONTAGEM DE FÔRMA PARA SAPATA CORRIDA, EM CHAPA DE MADEIRA COMPENSADA RESINADA, E=17 MM, 2 UTILIZAÇÕES. AF_01/2024 | D24: M2 | E24: 27.3 | F24: 173.19 | G24: =(F24*(1+$E$3)) -> 215.96793 | H24: =(E24*G24) -> 5895.9245
A25: 104918 | B25: SINAPI | C25: ARMAÇÃO DE SAPATA ISOLADA, VIGA BALDRAME E SAPATA CORRIDA UTILIZANDO AÇO CA-50 DE 8 MM - MONTAGEM. AF_01/2024 | D25: KG | E25: 221.42 | F25: 15.37 | G25: =(F25*(1+$E$3)) -> 19.16639 | H25: =(E25*G25) -> 4243.8221
A26: 94965 | B26: SINAPI | C26: CONCRETO FCK = 25MPA, TRAÇO 1:2,3:2,7 (EM MASSA SECA DE CIMENTO/ AREIA MÉDIA/ BRITA 1) - PREPARO MECÂNICO COM BETONEIRA 400 L. AF_05/2021 | D26: M3 | E26: 3.58 | F26: 545.29 | G26: =(F26*(1+$E$3)) -> 679.97663 | H26: =(E26*G26) -> 2434.3163
A27: 1.2.3 | C27: VIGAS BALDRAMES E VIGAS DE TRANSIÇÃO
A28: 93358 | B28: SINAPI | C28: ESCAVAÇÃO MANUAL DE VALA. AF_09/2024 | D28: M3 | E28: 3.16 | F28: 124.25 | G28: =(F28*(1+$E$3)) -> 154.93975 | H28: =(E28*G28) -> 489.60961
A29: 96536 | B29: SINAPI | C29: FABRICAÇÃO, MONTAGEM E DESMONTAGEM DE FÔRMA PARA VIGA BALDRAME, EM MADEIRA SERRADA, E=25 MM, 4 UTILIZAÇÕES. AF_01/2024 | D29: M2 | E29: 37.64 | F29: 82.18 | G29: =(F29*(1+$E$3)) -> 102.47846 | H29: =(E29*G29) -> 3857.2892
A30: 104917 | B30: SINAPI | C30: ARMAÇÃO DE SAPATA ISOLADA, VIGA BALDRAME E SAPATA CORRIDA UTILIZANDO AÇO CA-50 DE 6,3 MM - MONTAGEM. AF_01/2024 | D30: KG | E30: 77.51 | F30: 17.23 | G30: =(F30*(1+$E$3)) -> 21.48581 | H30: =(E30*G30) -> 1665.3651
A31: 104919 | B31: SINAPI | C31: ARMAÇÃO DE SAPATA ISOLADA, VIGA BALDRAME E SAPATA CORRIDA UTILIZANDO AÇO CA-50 DE 10 MM - MONTAGEM. AF_01/2024 | D31: KG | E31: 261.77 | F31: 13.42 | G31: =(F31*(1+$E$3)) -> 16.73474 | H31: =(E31*G31) -> 4380.6529
A32: 94965 | B32: SINAPI | C32: CONCRETO FCK = 25MPA, TRAÇO 1:2,3:2,7 (EM MASSA SECA DE CIMENTO/ AREIA MÉDIA/ BRITA 1) - PREPARO MECÂNICO COM BETONEIRA 400 L. AF_05/2021 | D32: M3 | E32: 3.58 | F32: 545.29 | G32: =(F32*(1+$E$3)) -> 679.97663 | H32: =(E32*G32) -> 2434.3163
A33: 98557 | B33: SINAPI | C33: IMPERMEABILIZAÇÃO DE SUPERFÍCIE COM EMULSÃO ASFÁLTICA, 2 DEMÃOS. AF_09/2023 | D33: M2 | E33: 50.14 | F33: 49.62 | G33: =(F33*(1+$E$3)) -> 61.87614 | H33: =ROUND(E33*F33,2) -> 2487.95
A34: 1.3 | C34: SUPERESTRUTURA | H34: =SUM(H36:H40,H42:H46,H48:H52,H54:H56,H58) -> 116492.41
A35: 1.3.1 | C35: PILARES
A36: 92269 | B36: SINAPI | C36: FABRICAÇÃO DE FÔRMA PARA PILARES E ESTRUTURAS SIMILARES, EM MADEIRA SERRADA, E=25 MM. AF_09/2020 | D36: M2 | E36: 57.34 | F36: 130.09 | G36: =(F36*(1+$E$3)) -> 162.22223 | H36: =(E36*G36) -> 9301.8227
A37: 92760 | B37: SINAPI | C37: ARMAÇÃO DE PILAR OU VIGA DE ESTRUTURA CONVENCIONAL DE CONCRETO ARMADO UTILIZANDO AÇO CA-50 DE 6,3 MM - MONTAGEM. AF_06/2022 | D37: KG | E37: 116.31 | F37: 14 | G37: =(F37*(1+$E$3)) -> 17.458 | H37: =(E37*G37) -> 2030.54
A38: 92762 | B38: SINAPI | C38: ARMAÇÃO DE PILAR OU VIGA DE ESTRUTURA CONVENCIONAL DE CONCRETO ARMADO UTILIZANDO AÇO CA-50 DE 10,0 MM - MONTAGEM. AF_06/2022 | D38: KG | E38: 116.73 | F38: 10.97 | G38: =(F38*(1+$E$3)) -> 13.67959 | H38: =(E38*G38) -> 1596.8185
A39: 92763 | B39: SINAPI | C39: ARMAÇÃO DE PILAR OU VIGA DE ESTRUTURA CONVENCIONAL DE CONCRETO ARMADO UTILIZANDO AÇO CA-50 DE 12,5 MM - MONTAGEM. AF_06/2022 | D39: KG | E39: 364.32 | F39: 9.06 | G39: =(F39*(1+$E$3)) -> 11.29782 | H39: =(E39*G39) -> 4116.0218
A40: 94966 | B40: SINAPI | C40: CONCRETO FCK = 30MPA, TRAÇO 1:2,1:2,5 (EM MASSA SECA DE CIMENTO/ AREIA MÉDIA/ BRITA 1) - PREPARO MECÂNICO COM BETONEIRA 400 L. AF_05/2021 | D40: M3 | E40: 3.88 | F40: 560.28 | G40: =(F40*(1+$E$3)) -> 698.66916 | H40: =(E40*G40) -> 2710.8363
A41: 1.3.2 | C41: VIGA DE RESPALDO E VIGAS TRANSVERSAIS
A42: 92760 | B42: SINAPI | C42: ARMAÇÃO DE PILAR OU VIGA DE ESTRUTURA CONVENCIONAL DE CONCRETO ARMADO UTILIZANDO AÇO CA-50 DE 6,3 MM - MONTAGEM. AF_06/2022 | D42: KG | E42: 132.42 | F42: 14 | G42: =(F42*(1+$E$3)) -> 17.458 | H42: =(E42*G42) -> 2311.7884
A43: 92762 | B43: SINAPI | C43: ARMAÇÃO DE PILAR OU VIGA DE ESTRUTURA CONVENCIONAL DE CONCRETO ARMADO UTILIZANDO AÇO CA-50 DE 10,0 MM - MONTAGEM. AF_06/2022 | D43: KG | E43: 300.82 | F43: 10.97 | G43: =(F43*(1+$E$3)) -> 13.67959 | H43: =(E43*G43) -> 4115.0943
A44: 92761 | B44: SINAPI | C44: ARMAÇÃO DE PILAR OU VIGA DE ESTRUTURA CONVENCIONAL DE CONCRETO ARMADO UTILIZANDO AÇO CA-50 DE 8,0 MM - MONTAGEM. AF_06/2022 | D44: KG | E44: 63.2 | F44: 12.6 | G44: =(F44*(1+$E$3)) -> 15.7122 | H44: =(E44*G44) -> 993.01104
A45: 1525 | B45: SINAPI-I | C45: CONCRETO USINADO BOMBEAVEL, CLASSE DE RESISTENCIA C30, BRITA 0 E 1, SLUMP = 100 +/- 20 MM, COM BOMBEAMENTO (DISPONIBILIZACAO DE BOMBA), SEM O LANCAMENTO (NBR 8953) | D45: M3 | E45: 5.61 | F45: 531.01 | G45: =(F45*(1+$E$3)) -> 662.16947 | H45: =(E45*G45) -> 3714.7707
A46: 103673 | B46: SINAPI | C46: LANÇAMENTO COM USO DE BOMBA, ADENSAMENTO E ACABAMENTO DE CONCRETO EM ESTRUTURAS. AF_02/2022 | D46: M3 | E46: 5.61 | F46: 60.25 | G46: =(F46*(1+$E$3)) -> 75.13175 | H46: =(E46*G46) -> 421.48912
A47: 1.3.3 | C47: LAJES MACIÇAS
A48: 103760 | B48: SINAPI | C48: MONTAGEM E DESMONTAGEM DE FÔRMA DE LAJE MACIÇA, PÉ-DIREITO SIMPLES, EM CHAPA DE MADEIRA COMPENSADA RESINADA E CIMBRAMENTO DE MADEIRA, 2 UTILIZAÇÕES. AF_03/2022 | D48: M2 | E48: 41.7 | F48: 139.72 | G48: =(F48*(1+$E$3)) -> 174.23084 | H48: =(E48*G48) -> 7265.426
A49: 92769 | B49: SINAPI | C49: ARMAÇÃO DE LAJE DE ESTRUTURA CONVENCIONAL DE CONCRETO ARMADO UTILIZANDO AÇO CA-50 DE 6,3 MM - MONTAGEM. AF_06/2022 | D49: KG | E49: 81.7 | F49: 13.21 | G49: =(F49*(1+$E$3)) -> 16.47287 | H49: =(E49*G49) -> 1345.8335
A50: 92770 | B50: SINAPI | C50: ARMAÇÃO DE LAJE DE ESTRUTURA CONVENCIONAL DE CONCRETO ARMADO UTILIZANDO AÇO CA-50 DE 8,0 MM - MONTAGEM. AF_06/2022 | D50: KG | E50: 307.8 | F50: 11.88 | G50: =(F50*(1+$E$3)) -> 14.81436 | H50: =(E50*G50) -> 4559.86
A51: 1525 | B51: SINAPI-I | C51: CONCRETO USINADO BOMBEAVEL, CLASSE DE RESISTENCIA C30, BRITA 0 E 1, SLUMP = 100 +/- 20 MM, COM BOMBEAMENTO (DISPONIBILIZACAO DE BOMBA), SEM O LANCAMENTO (NBR 8953) | D51: M3 | E51: 5 | F51: 531.01 | G51: =(F51*(1+$E$3)) -> 662.16947 | H51: =(E51*G51) -> 3310.8473
A52: 103673 | B52: SINAPI | C52: LANÇAMENTO COM USO DE BOMBA, ADENSAMENTO E ACABAMENTO DE CONCRETO EM ESTRUTURAS. AF_02/2022 | D52: M3 | E52: 5 | F52: 60.25 | G52: =(F52*(1+$E$3)) -> 75.13175 | H52: =(E52*G52) -> 375.65875
A53: 1.3.4 | C53: ALVENARIA, DIVISÓRIAS, MUROS E FECHOS
A54: 103360 | B54: SINAPI | C54: ALVENARIA DE VEDAÇÃO DE BLOCOS CERÂMICOS FURADOS NA HORIZONTAL DE 14X19X29 CM (ESPESSURA 14 CM) E ARGAMASSA DE ASSENTAMENTO COM PREPARO EM BETONEIRA. AF_12/2021 | D54: M2 | E54: 79.8 | F54: 98.01 | G54: =(F54*(1+$E$3)) -> 122.21847 | H54: =(E54*G54) -> 9753.0339
A55: 87878 | B55: SINAPI | C55: CHAPISCO APLICADO EM ALVENARIAS E ESTRUTURAS DE CONCRETO INTERNAS, COM COLHER DE PEDREIRO. ARGAMASSA TRAÇO 1:3 COM PREPARO MANUAL. AF_10/2022 | D55: M2 | E55: 109.6 | F55: 6.42 | G55: =(F55*(1+$E$3)) -> 8.00574 | H55: =(E55*G55) -> 877.4291
A56: 87775 | B56: SINAPI | C56: EMBOÇO OU MASSA ÚNICA EM ARGAMASSA TRAÇO 1:2:8, PREPARO MECÂNICO COM BETONEIRA 400 L, APLICADA MANUALMENTE EM PANOS DE FACHADA COM PRESENÇA DE VÃOS, ESPESSURA DE 25 MM. AF_08/2022 | D56: M2 | E56: 109.6 | F56: 70.05 | G56: =(F56*(1+$E$3)) -> 87.35235 | H56: =(E56*G56) -> 9573.8176
A57: 1.3.5 | C57: GUARDA-CORPO
A58: 99842 | B58: SINAPI | C58: GUARDA-CORPO DE AÇO GALVANIZADO DE 1,10M, MONTANTES TUBULARES DE 1.1/4" ESPAÇADOS 1,20M, TRAVESSA SUPERIOR DE 1.1/2", GRADIL FORMADO POR TUBOS HORIZONTAIS DE 1" E VERTICAIS DE 3/4", FIXADO COM ADESIVO ESTRUTURAL EPOXI. AF_10/2025_PS | D58: M | E58: 67.55 | F58: 571.24 | G58: =(F58*(1+$E$3)) -> 712.33628 | H58: =(E58*G58) -> 48118.316
A59: 2 | C59: ÁREA INTERNA | I59: =(H60+H70+H75+H79+H86+H98+H115+H117+H125) -> 171954.8
A60: 2.1 | C60: DEMOLIÇÕES E RETIRADAS | H60: =SUM(H61:H69) -> 5278.2275
A61: 97622 | B61: SINAPI | C61: DEMOLIÇÃO DE ALVENARIA DE BLOCO FURADO, DE FORMA MANUAL, SEM REAPROVEITAMENTO. AF_09/2023 | D61: M3 | E61: 3.59 | F61: 83.19 | G61: =(F61*(1+$E$3)) -> 103.73793 | H61: =(E61*G61) -> 372.41917
A62: 97644 | B62: SINAPI | C62: REMOÇÃO DE PORTAS, DE FORMA MANUAL, SEM REAPROVEITAMENTO. AF_09/2023 | D62: M2 | E62: 7.71 | F62: 14.01 | G62: =(F62*(1+$E$3)) -> 17.47047 | H62: =(E62*G62) -> 134.69732
A63: 97663 | B63: SINAPI | C63: REMOÇÃO DE LOUÇAS, DE FORMA MANUAL, SEM REAPROVEITAMENTO. AF_09/2023 | D63: UND | E63: 8 | F63: 18.59 | G63: =(F63*(1+$E$3)) -> 23.18173 | H63: =(E63*G63) -> 185.45384
A64: 97666 | B64: SINAPI | C64: REMOÇÃO DE METAIS SANITÁRIOS, DE FORMA MANUAL, SEM REAPROVEITAMENTO. AF_09/2023 | D64: UND | E64: 10 | F64: 13.55 | G64: =(F64*(1+$E$3)) -> 16.89685 | H64: =(E64*G64) -> 168.9685
A65: 97662 | B65: SINAPI | C65: REMOÇÃO DE TUBULAÇÕES (TUBOS E CONEXÕES) DE ÁGUA FRIA, DE FORMA MANUAL, SEM REAPROVEITAMENTO. AF_09/2023 | D65: M | E65: 10.85 | F65: 0.75 | G65: =(F65*(1+$E$3)) -> 0.93525 | H65: =(E65*G65) -> 10.147462
A66: 97634 | B66: SINAPI | C66: DEMOLIÇÃO DE REVESTIMENTO CERÂMICO, DE FORMA MECANIZADA COM MARTELETE, SEM REAPROVEITAMENTO. AF_09/2023 | D66: M2 | E66: 167.7 | F66: 5.02 | G66: =(F66*(1+$E$3)) -> 6.25994 | H66: =(E66*G66) -> 1049.7919
A67: 104791 | B67: SINAPI | C67: DEMOLIÇÃO DE ARGAMASSAS, DE FORMA DE FORMA MECANIZADA COM MARTELETE, SEM REAPROVEITAMENTO. AF_09/2023 | D67: M2 | E67: 167.7 | F67: 3.65 | G67: =(F67*(1+$E$3)) -> 4.55155 | H67: =(E67*G67) -> 763.29493
A68: 97640 | B68: SINAPI | C68: REMOÇÃO DE FORROS DE DRYWALL, PVC E FIBROMINERAL, DE FORMA MANUAL, SEM REAPROVEITAMENTO. AF_09/2023 | D68: M2 | E68: 113.31 | F68: 2.83 | G68: =(F68*(1+$E$3)) -> 3.52901 | H68: =(E68*G68) -> 399.87212
A69: 106122 | B69: SINAPI | C69: REMOÇÃO DE ENTULHO CLASSE A (ALVENARIA, CONCRETO, ARGAMASSAS E CERÂMICOS) POR DUTO DE ENTULHO E ACONDICIONAMENTO FINAL EM CAÇAMBA ESTACIONÁRIA. EXCLUSO FRETE. AF_09/2025 | D69: M3 | E69: 17.14 | F69: 107.33 | G69: =(F69*(1+$E$4)) -> 127.98029 | H69: =(E69*G69) -> 2193.5822
A70: 2.2 | C70: ALVENARIA, DIVISÓRIAS, MUROS E FECHOS | H70: =SUM(H71:H74) -> 5694.0753
A71: 103360 | B71: SINAPI | C71: ALVENARIA DE VEDAÇÃO DE BLOCOS CERÂMICOS FURADOS NA HORIZONTAL DE 14X19X29 CM (ESPESSURA 14 CM) E ARGAMASSA DE ASSENTAMENTO COM PREPARO EM BETONEIRA. AF_12/2021 | D71: M2 | E71: 8.61 | F71: 98.01 | G71: =(F71*(1+$E$3)) -> 122.21847 | H71: =(E71*G71) -> 1052.301
A72: 87878 | B72: SINAPI | C72: CHAPISCO APLICADO EM ALVENARIAS E ESTRUTURAS DE CONCRETO INTERNAS, COM COLHER DE PEDREIRO. ARGAMASSA TRAÇO 1:3 COM PREPARO MANUAL. AF_10/2022 | D72: M2 | E72: 17.22 | F72: 6.42 | G72: =(F72*(1+$E$3)) -> 8.00574 | H72: =(E72*G72) -> 137.85884
A73: 87775 | B73: SINAPI | C73: EMBOÇO OU MASSA ÚNICA EM ARGAMASSA TRAÇO 1:2:8, PREPARO MECÂNICO COM BETONEIRA 400 L, APLICADA MANUALMENTE EM PANOS DE FACHADA COM PRESENÇA DE VÃOS, ESPESSURA DE 25 MM. AF_08/2022 | D73: M2 | E73: 17.22 | F73: 70.05 | G73: =(F73*(1+$E$3)) -> 87.35235 | H73: =(E73*G73) -> 1504.2075
A74: 104718 | B74: SINAPI | C74: PAREDE COM SISTEMA EM CHAPAS DE GESSO PARA DRYWALL, USO INTERNO, COM DUAS FACES SIMPLES E ESTRUTURA METÁLICA COM GUIAS SIMPLES PARA PAREDES COM ÁREA LÍQUIDA MENOR QUE 6 M2, COM VÃOS. AF_07/2023_PS | D74: M2 | E74: 17.41 | F74: 138.17 | G74: =(F74*(1+$E$3)) -> 172.29799 | H74: =(E74*G74) -> 2999.708
A75: 2.3 | C75: REVESTIMENTOS CERÂMICOS | H75: =SUM(H76:H78) -> 72784.697
A76: 87262 | B76: SINAPI | C76: REVESTIMENTO CERÂMICO PARA PISO COM PLACAS TIPO PORCELANATO DE DIMENSÕES 60X60 CM APLICADA EM AMBIENTES DE ÁREA ENTRE 5 M² E 10 M². AF_02/2023_PE | D76: M2 | E76: 33.4 | F76: 131.02 | G76: =(F76*(1+$E$3)) -> 163.38194 | H76: =(E76*G76) -> 5456.9568
A77: 104598 | B77: SINAPI | C77: REVESTIMENTO CERÂMICO PARA PISO COM PLACAS TIPO PORCELANATO DE DIMENSÕES 80X80 CM APLICADA EM AMBIENTES DE ÁREA MAIOR QUE 10 M². AF_02/2023_PE | D77: M2 | E77: 341.14 | F77: 118.07 | G77: =(F77*(1+$E$3)) -> 147.23329 | H77: =(E77*G77) -> 50227.165
A78: 104611 | B78: SINAPI | C78: REVESTIMENTO CERÂMICO PARA PAREDES INTERNAS COM PLACAS TIPO ESMALTADA DE DIMENSÕES 60X60 CM APLICADAS NA ALTURA INTEIRA DAS PAREDES. AF_02/2023_PE | D78: M2 | E78: 134.3 | F78: 102.11 | G78: =(F78*(1+$E$3)) -> 127.33117 | H78: =(E78*G78) -> 17100.576
A79: 2.4 | C79: ESQUADRIAS | H79: =SUM(H80:H85) -> 10960.838
A80: 102162 | B80: SINAPI | C80: INSTALAÇÃO DE VIDRO LISO INCOLOR, E = 4 MM, EM ESQUADRIA DE ALUMÍNIO OU PVC, FIXADO COM BAGUETE. AF_11/2025 | D80: M2 | E80: 4.34 | F80: 315.15 | G80: =(F80*(1+$E$3)) -> 392.99205 | H80: =(E80*G80) -> 1705.5855
A81: 102186 | B81: SINAPI | C81: PORTA DE CORRER EM VIDRO TEMPERADO, 90X210 CM, ESPESSURA 10 MM, INCLUSIVE ACESSÓRIOS. AF_11/2025 | D81: UND | E81: 1.25 | F81: 2137.98 | G81: =(F81*(1+$E$3)) -> 2666.0611 | H81: =(E81*G81) -> 3332.5763
A82: 100700 | B82: SINAPI | C82: PORTA DE MADEIRA COMPENSADA LISA PARA PINTURA, 120X210X3,5CM, 2 FOLHAS, INCLUSO ADUELA 2A, ALIZAR 2A E DOBRADIÇAS. AF_10/2025 | D82: UND | E82: 1 | F82: 1131.6 | G82: =(F82*(1+$E$3)) -> 1411.1052 | H82: =(E82*G82) -> 1411.1052
A83: 90806 | B83: SINAPI | C83: BATENTE PARA PORTA DE MADEIRA, FIXAÇÃO COM ARGAMASSA, PADRÃO MÉDIO - FORNECIMENTO E INSTALAÇÃO. AF_10/2025 | D83: UND | E83: 1 | F83: 622.27 | G83: =(F83*(1+$E$3)) -> 775.97069 | H83: =(E83*G83) -> 775.97069
A84: 90844 | B84: SINAPI | C84: KIT DE PORTA DE MADEIRA PARA PINTURA, SEMI-OCA (LEVE OU MÉDIA), PADRÃO MÉDIO, 90X210CM, ESPESSURA DE 3,5CM, ITENS INCLUSOS: DOBRADIÇAS, MONTAGEM E INSTALAÇÃO DO BATENTE, FECHADURA COM EXECUÇÃO DO FURO - FORNECIMENTO E INSTALAÇÃO. AF_10/2025 | D84: UND | E84: 1 | F84: 1548.27 | G84: =(F84*(1+$E$3)) -> 1930.6927 | H84: =(E84*G84) -> 1930.6927
A85: 90843 | B85: SINAPI | C85: KIT DE PORTA DE MADEIRA PARA PINTURA, SEMI-OCA (LEVE OU MÉDIA), PADRÃO MÉDIO, 80X210CM, ESPESSURA DE 3,5CM, ITENS INCLUSOS: DOBRADIÇAS, MONTAGEM E INSTALAÇÃO DO BATENTE, FECHADURA COM EXECUÇÃO DO FURO - FORNECIMENTO E INSTALAÇÃO. AF_10/2025 | D85: UND | E85: 1 | F85: 1447.4 | G85: =(F85*(1+$E$3)) -> 1804.9078 | H85: =(E85*G85) -> 1804.9078
A86: 2.5 | C86: INSTALAÇÕES HIDRAULICAS | H86: =SUM(H87:H97) -> 10118.338
A87: 90443 | B87: SINAPI | C87: RASGO LINEAR MANUAL EM ALVENARIA, PARA RAMAIS/ DISTRIBUIÇÃO DE INSTALAÇÕES HIDRÁULICAS, DIÂMETROS MENORES OU IGUAIS A 40 MM. AF_09/2023 | D87: M | E87: 38.25 | F87: 11.45 | G87: =(F87*(1+$E$3)) -> 14.27815 | H87: =(E87*G87) -> 546.13924
A88: 89402 | B88: SINAPI | C88: TUBO, PVC, SOLDÁVEL, DE 25MM, INSTALADO EM RAMAL DE DISTRIBUIÇÃO DE ÁGUA - FORNECIMENTO E INSTALAÇÃO. AF_06/2022 | D88: M | E88: 38.25 | F88: 15.64 | G88: =(F88*(1+$E$3)) -> 19.50308 | H88: =(E88*G88) -> 745.99281
A89: 89402 | B89: SINAPI | C89: TUBO, PVC, SOLDÁVEL, DE 40MM, INSTALADO EM PRUMADA DE ÁGUA - FORNECIMENTO E INSTALAÇÃO. AF_06/2022 | D89: M | E89: 10.6 | F89: 15.97 | G89: =(F89*(1+$E$3)) -> 19.91459 | H89: =(E89*G89) -> 211.09465
A90: 104328 | B90: SINAPI | C90: CAIXA SIFONADA, COM GRELHA QUADRADA, PVC, DN 150 X 150 X 50 MM, JUNTA SOLDÁVEL, FORNECIDA E INSTALADA EM RAMAL DE DESCARGA OU EM RAMAL DE ESGOTO SANITÁRIO. AF_08/2022 | D90: UND | E90: 4 | F90: 80.44 | G90: =(F90*(1+$E$3)) -> 100.30868 | H90: =(E90*G90) -> 401.23472
A91: 89987 | B91: SINAPI | C91: REGISTRO DE GAVETA BRUTO, LATÃO, ROSCÁVEL, 3/4", COM ACABAMENTO E CANOPLA CROMADOS - FORNECIMENTO E INSTALAÇÃO. AF_08/2021 | D91: UND | E91: 5 | F91: 104.47 | G91: =(F91*(1+$E$3)) -> 130.27409 | H91: =(E91*G91) -> 651.37045
A92: 99635 | B92: SINAPI | C92: VÁLVULA DE DESCARGA METÁLICA, BASE 1 1/2", ACABAMENTO METALICO CROMADO - FORNECIMENTO E INSTALAÇÃO. AF_08/2021 | D92: UND | E92: 4 | F92: 395.1 | G92: =(F92*(1+$E$3)) -> 492.6897 | H92: =(E92*G92) -> 1970.7588
A93: 94491 | B93: SINAPI | C93: REGISTRO DE ESFERA, PVC, SOLDÁVEL, COM VOLANTE, DN 40 MM - FORNECIMENTO E INSTALAÇÃO. AF_08/2021 | D93: UND | E93: 4 | F93: 52.35 | G93: =(F93*(1+$E$3)) -> 65.28045 | H93: =(E93*G93) -> 261.1218
A94: 95470 | B94: SINAPI | C94: VASO SANITARIO SIFONADO CONVENCIONAL COM LOUÇA BRANCA, INCLUSO CONJUNTO DE LIGAÇÃO PARA BACIA SANITÁRIA AJUSTÁVEL - FORNECIMENTO E INSTALAÇÃO. AF_01/2020 | D94: UND | E94: 4 | F94: 395.65 | G94: =(F94*(1+$E$3)) -> 493.37555 | H94: =(E94*G94) -> 1973.5022
A95: 86942 | B95: SINAPI | C95: LAVATÓRIO LOUÇA BRANCA SUSPENSO, 29,5 X 39CM OU EQUIVALENTE, PADRÃO POPULAR, INCLUSO SIFÃO TIPO GARRAFA EM PVC, VÁLVULA E ENGATE FLEXÍVEL 30CM EM PLÁSTICO E TORNEIRA CROMADA DE MESA, PADRÃO POPULAR - FORNECIMENTO E INSTALAÇÃO. AF_01/2020 | D95: UND | E95: 4 | F95: 299.58 | G95: =(F95*(1+$E$3)) -> 373.57626 | H95: =(E95*G95) -> 1494.305
A96: 86934 | B96: SINAPI | C96: BANCADA DE MÁRMORE SINTÉTICO 120 X 60CM, COM CUBA INTEGRADA, INCLUSO SIFÃO TIPO FLEXÍVEL EM PVC, VÁLVULA EM PLÁSTICO CROMADO TIPO AMERICANA E TORNEIRA CROMADA LONGA, DE PAREDE, PADRÃO POPULAR - FORNECIMENTO E INSTALAÇÃO. AF_01/2020 | D96: UND | E96: 1 | F96: 450.88 | G96: =(F96*(1+$E$3)) -> 562.24736 | H96: =(E96*G96) -> 562.24736
A97: 100868 | B97: SINAPI | C97: BARRA DE APOIO RETA, EM ACO INOX POLIDO, COMPRIMENTO 80 CM, FIXADA NA PAREDE - FORNECIMENTO E INSTALAÇÃO. AF_01/2020 | D97: UND | E97: 4 | F97: 260.74 | G97: =(F97*(1+$E$3)) -> 325.14278 | H97: =(E97*G97) -> 1300.5711
A98: 2.6 | C98: INSTALAÇÕES ELÉTRICAS | H98: =SUM(H99:H114) -> 28468.009
A99: 97665 | B99: SINAPI | C99: REMOÇÃO DE LUMINÁRIAS, DE FORMA MANUAL, SEM REAPROVEITAMENTO. AF_09/2023 | D99: UND | E99: 60 | F99: 2.65 | G99: =(F99*(1+$E$3)) -> 3.30455 | H99: =(E99*G99) -> 198.273
A100: 97660 | B100: SINAPI | C100: REMOÇÃO DE INTERRUPTORES/TOMADAS ELÉTRICAS, DE FORMA MANUAL, SEM REAPROVEITAMENTO. AF_09/2023 | D100: UND | E100: 102 | F100: 0.97 | G100: =(F100*(1+$E$3)) -> 1.20959 | H100: =(E100*G100) -> 123.37818
A101: 104793 | B101: SINAPI | C101: REMOÇÃO DE CABOS ELÉTRICOS, COM SEÇÃO MAIOR QUE 2,5 MM² E MENOR QUE 10 MM², DE FORMA MANUAL, SEM REAPROVEITAMENTO. AF_09/2023 | D101: M | E101: 554.26 | F101: 0.8 | G101: =(F101*(1+$E$3)) -> 0.9976 | H101: =(E101*G101) -> 552.92978
...

Sheet Cronograma PAM
B1: PAM | C1: SECRETARIA DE ESTADO DAS CIDADES - SECID | G1: CONSTRUÇÃO CIVIL
B2: Município: | C2: ='Planilha de Serviços'!B2 -> CIDADE GAUCHA | F2: SAM | H2: Edital no Município | J2: Procedimento prévio | L2: Início previsto da Obra | N2: Convênio | P2: Repasse do Concedente | T2: =IF(S4=0,0,S2/S4) -> 0
B3: Projeto: | C3: ='Planilha de Serviços'!B3 -> REFORMA NOVA CAMARA DOS VEREADORES | F3: LOTE nº | H3: Data | I3: =TODAY() -> 46274 | J3: Dias | K3: =80-10 -> 70 | L3: Data | M3: =I3+K3+10 -> 46354 | N3: nº | P3: Contrapartida do Proponente | S3: =S29-S2 -> 343508.72 | T3: =IF(S3=0,0,1-T2) -> 1
B4: Quantidade: | C4: ='Planilha de Serviços'!B4 -> ÁREA A REFORMAR 417,37 M² | E4: CRONOGRAMA FÍSICO FINANCEIRO | P4: Valor Total | S4: =SUM(S2:S3) -> 343508.72 | T4: =SUM(T2:T3) -> 1 | W4: Controle
B5: GRUPO | C5: SERVIÇOS | E5: N | F5: PARCELAS (%) | S5: TOTAL | T5: % S/ | W5: =IF(S4=S61,"OK","erro") -> #REF!
B6: ITEM | D6: =IF(E6<6,"Deve ser no mínimo 6 meses =","ok") -> ok | E6: 10 | F6: =IF(E6=0,0,1) -> 1 | G6: =IF($E$6<2,0,2) -> 2 | H6: =IF($E$6<3,0,3) -> 3 | I6: =IF($E$6<4,0,4) -> 4 | J6: =IF($E$6<5,0,5) -> 5 | K6: =IF($E$6<6,0,6) -> 6 | L6: =IF($E$6<7,0,7) -> 7 | M6: =IF($E$6<8,0,8) -> 8 | N6: =IF($E$6<9,0,9) -> 9 | O6: =IF($E$6<10,0,10) -> 10 | P6: =IF($E$6<11,0,11) -> 0 | Q6: =IF($E$6<12,0,12) -> 0 | S6: ITEM (R$) | T6: TOTAL
C7: Data Início | F7: =IF(E6=0,0,M3) -> 46354 | G7: =IF(G6=0,0,F8+1) -> 46385 | H7: =IF(H6=0,0,G8+1) -> 46416 | I7: =IF(I6=0,0,H8+1) -> 46447 | J7: =IF(J6=0,0,I8+1) -> 46478 | K7: =IF(K6=0,0,J8+1) -> 46509 | L7: =IF(L6=0,0,K8+1) -> 46540 | M7: =IF(M6=0,0,L8+1) -> 46571 | N7: =IF(N6=0,0,M8+1) -> 46602 | ... Q7: =IF(Q6=0,0,P8+1) -> 0
C8: Data Fim | F8: =IF(E6=0,0,F7+30) -> 46384 | G8: =IF(G6=0,0,G7+30) -> 46415 | H8: =IF(H6=0,0,H7+30) -> 46446 | I8: =IF(I6=0,0,I7+30) -> 46477 | J8: =IF(J6=0,0,J7+30) -> 46508 | K8: =IF(K6=0,0,K7+30) -> 46539 | L8: =IF(L6=0,0,L7+30) -> 46570 | M8: =IF(M6=0,0,M7+30) -> 46601 | N8: =IF(N6=0,0,N7+30) -> 46632 | ... Q8: =IF(Q6=0,0,Q7+30) -> 0
A9: =CONCATENATE($E$6,"|",B9) -> 10|1 | B9: 1 | C9: SERVIÇOS PRELIMINARES E ADMINISTRAÇÃO DA OBRA | E9: 1 | F9: 100 | S9: ='Planilha de Serviços'!H11 -> 11218.667 | T9: =IF($S$29=0,0,(S9/$S$29)*100) -> 3.2659045 | W9: =SUM(F9:Q9) -> 100
A10: =CONCATENATE($E$6,"|",B10) -> 10|2 | B10: 2 | C10: FUNDACOES MURO/ RAMPA | E10: 2 | F10: 50 | G10: 50 | S10: ='Planilha de Serviços'!H17 -> 43842.841 | T10: =IF($S$29=0,0,(S10/$S$29)*100) -> 12.76324 | W10: =SUM(F10:Q10) -> 100
A11: =CONCATENATE($E$6,"|",B11) -> 10|3 | B11: 3 | C11: SUPERESTRUTURA | E11: 4 | I11: 100 | S11: ='Planilha de Serviços'!H34 -> 116492.41 | T11: =IF($S$29=0,0,(S11/$S$29)*100) -> 33.912506 | W11: =SUM(F11:Q11) -> 100
A12: =CONCATENATE($E$6,"|",B12) -> 10|4 | B12: 4 | C12: DEMOLIÇÕES E RETIRADAS | E12: 5 | J12: 100 | S12: ='Planilha de Serviços'!H60 -> 5278.2275 | T12: =IF($S$29=0,0,(S12/$S$29)*100) -> 1.5365629 | W12: =SUM(F12:Q12) -> 100
A13: =CONCATENATE($E$6,"|",B13) -> 10|5 | B13: 5 | C13: ALVENARIA, DIVISÓRIAS, MUROS E FECHOS | E13: 3 | J13: 100 | S13: ='Planilha de Serviços'!H70 -> 5694.0753 | T13: =IF($S$29=0,0,(S13/$S$29)*100) -> 1.6576218 | W13: =SUM(F13:Q13) -> 100
A14: =CONCATENATE($E$6,"|",B14) -> 10|6 | B14: 6 | C14: REVESTIMENTOS CERÂMICOS | E14: 5 | K14: 50 | L14: 50 | S14: ='Planilha de Serviços'!H75 -> 72784.697 | T14: =IF($S$29=0,0,(S14/$S$29)*100) -> 21.188603 | W14: =SUM(F14:Q14) -> 100
A15: =CONCATENATE($E$6,"|",B15) -> 10|7 | B15: 7 | C15: ESQUADRIAS | E15: 6 | M15: 100 | S15: ='Planilha de Serviços'!H79 -> 10960.838 | T15: =IF($S$29=0,0,(S15/$S$29)*100) -> 3.1908472 | W15: =SUM(F15:Q15) -> 100
A16: =CONCATENATE($E$6,"|",B16) -> 10|8 | B16: 8 | C16: INSTALAÇÕES HIDRAULICAS | E16: 6 | M16: 100 | S16: ='Planilha de Serviços'!H86 -> 10118.338 | T16: =IF($S$29=0,0,(S16/$S$29)*100) -> 2.9455841 | W16: =SUM(F16:Q16) -> 100
A17: =CONCATENATE($E$6,"|",B17) -> 10|9 | B17: 9 | C17: INSTALAÇÕES ELÉTRICAS | M17: 100 | S17: ='Planilha de Serviços'!H98 -> 28468.009 | T17: =IF($S$29=0,0,(S17/$S$29)*100) -> 8.2874195 | W17: =SUM(F17:Q17) -> 100
A18: =CONCATENATE($E$6,"|",B18) -> 10|10 | B18: 10 | C18: FORRO | N18: 100 | S18: ='Planilha de Serviços'!H115 -> 18029.57 | T18: =IF($S$29=0,0,(S18/$S$29)*100) -> 5.2486499 | W18: =SUM(F18:Q18) -> 100
A19: =CONCATENATE($E$6,"|",B19) -> 10|11 | B19: 11 | C19: PINTURA | O19: 100 | S19: ='Planilha de Serviços'!H117 -> 15132.413 | T19: =IF($S$29=0,0,(S19/$S$29)*100) -> 4.4052486 | W19: =SUM(F19:Q19) -> 100
A20: =CONCATENATE($E$6,"|",B20) -> 10|12 | B20: 12 | C20: LIMPEZA FINAL | O20: 100 | S20: ='Planilha de Serviços'!H125 -> 5488.6281 | T20: =IF($S$29=0,0,(S20/$S$29)*100) -> 1.5978133 | W20: =SUM(F20:Q20) -> 100
F21: =IF(F$6=0,0,VLOOKUP($A21,#REF!,F$6+4,FALSE)) -> #REF! | T21: =IF($S$29=0,0,(S21/$S$29)*100) -> 0
F22: =IF(F$6=0,0,VLOOKUP($A22,#REF!,F$6+4,FALSE)) -> #REF! | T22: =IF($S$29=0,0,(S22/$S$29)*100) -> 0
F23: =IF(F$6=0,0,VLOOKUP($A23,#REF!,F$6+4,FALSE)) -> #REF! | T23: =IF($S$29=0,0,(S23/$S$29)*100) -> 0
F24: =IF(F$6=0,0,VLOOKUP($A24,#REF!,F$6+4,FALSE)) -> #REF! | T24: =IF($S$29=0,0,(S24/$S$29)*100) -> 0
F25: =IF(F$6=0,0,VLOOKUP($A25,#REF!,F$6+4,FALSE)) -> #REF! | T25: =IF($S$29=0,0,(S25/$S$29)*100) -> 0
F26: =IF(F$6=0,0,VLOOKUP($A26,#REF!,F$6+4,FALSE)) -> #REF! | T26: =IF($S$29=0,0,(S26/$S$29)*100) -> 0
F27: =IF(F$6=0,0,VLOOKUP($A27,#REF!,F$6+4,FALSE)) -> #REF! | T27: =IF($S$29=0,0,(S27/$S$29)*100) -> 0
C29: TOTAIS | D29: TOTAIS | S29: =SUM(S9:S28) -> 343508.72 | T29: =SUM(T9:T27) -> 100
B30: COMPOSIÇÃO DOS RECURSOS (TESOURO E CONTRAPARTIDA)
B31: ITEM | F31: PARCELAS | R31: Nº DE | S31: TOTAL | T31: % S/
F32: =F6 -> 1 | G32: =G6 -> 2 | H32: =H6 -> 3 | I32: =I6 -> 4 | J32: =J6 -> 5 | K32: =K6 -> 6 | L32: =L6 -> 7 | M32: =M6 -> 8 | ... Q32: =Q6 -> 0 | R32: MESES | S32: ITEM | T32: ITEM
B33: 1T | C33: SERVIÇOS PRELIMINARES E ADMINISTRAÇÃO DA OBRA | D33: TESOURO | E33: R$ | F33: =((F9/100)*$S$9)*$T$2 -> 0 | G33: =((G9/100)*$S$9)*$T$2 -> 0 | H33: =((H9/100)*$S$9)*$T$2 -> 0 | I33: =((I9/100)*$S$9)*$T$2 -> 0 | J33: =((J9/100)*$S$9)*$T$2 -> 0 | K33: =((K9/100)*$S$9)*$T$2 -> 0 | L33: =((L9/100)*$S$9)*$T$2 -> 0 | M33: =((M9/100)*$S$9)*$T$2 -> 0 | ... Q33: =((Q9/100)*$S$9)*$T$2 -> 0 | R33: =COUNTIF(F33:Q33,">0") -> 0 | S33: =SUM(F33:Q33) -> 0 | T33: =IF($S$61=0,0,(S33/$S$61)) -> #REF!
B34: 1C | D34: CONTRAPARTIDA | E34: R$ | F34: =((F9/100)*$S$9)*T3 -> 11218.667 | G34: =((G9/100)*$S$9)*$T$3 -> 0 | H34: =((H9/100)*$S$9)*$T$3 -> 0 | I34: =((I9/100)*$S$9)*$T$3 -> 0 | J34: =((J9/100)*$S$9)*$T$3 -> 0 | K34: =((K9/100)*$S$9)*$T$3 -> 0 | L34: =((L9/100)*$S$9)*$T$3 -> 0 | M34: =((M9/100)*$S$9)*$T$3 -> 0 | N34: =((N9/100)*$S$9)*$T$3 -> 0 | ... Q34: =((Q9/100)*$S$9)*$T$3 -> 0 | R34: =COUNTIF(F34:Q34,">0") -> 1 | S34: =SUM(F34:Q34) -> 11218.667 | T34: =IF($S$61=0,0,(S34/$S$61)) -> #REF!
B35: 2T | C35: FUNDACOES | D35: TESOURO | E35: R$ | F35: =((F10/100)*$S$10)*$T$2 -> 0 | G35: =((G10/100)*$S$10)*$T$2 -> 0 | H35: =((H10/100)*$S$10)*$T$2 -> 0 | I35: =((I10/100)*$S$10)*$T$2 -> 0 | J35: =((J10/100)*$S$10)*$T$2 -> 0 | K35: =((K10/100)*$S$10)*$T$2 -> 0 | L35: =((L10/100)*$S$10)*$T$2 -> 0 | M35: =((M10/100)*$S$10)*$T$2 -> 0 | ... Q35: =((Q10/100)*$S$10)*$T$2 -> 0 | R35: =COUNTIF(F35:Q35,">0") -> 0 | S35: =SUM(F35:Q35) -> 0 | T35: =IF($S$61=0,0,(S35/$S$61)) -> #REF!
B36: 2C | D36: CONTRAPARTIDA | E36: R$ | F36: =((F10/100)*$S$10)*$T$3 -> 21921.42 | G36: =((G10/100)*$S$10)*$T$3 -> 21921.42 | H36: =((H10/100)*$S$10)*$T$3 -> 0 | I36: =((I10/100)*$S$10)*$T$3 -> 0 | J36: =((J10/100)*$S$10)*$T$3 -> 0 | K36: =((K10/100)*$S$10)*$T$3 -> 0 | L36: =((L10/100)*$S$10)*$T$3 -> 0 | M36: =((M10/100)*$S$10)*$T$3 -> 0 | ... Q36: =((Q10/100)*$S$10)*$T$3 -> 0 | R36: =COUNTIF(F36:Q36,">0") -> 2 | S36: =SUM(F36:Q36) -> 43842.841 | T36: =IF($S$61=0,0,(S36/$S$61)) -> #REF!
B37: 3T | C37: SUPERESTRUTURA | D37: TESOURO | E37: R$ | F37: =((#REF!/100)*#REF!)*$T$2 -> #REF! | G37: =((#REF!/100)*#REF!)*$T$2 -> #REF! | H37: =((#REF!/100)*#REF!)*$T$2 -> #REF! | I37: =((#REF!/100)*#REF!)*$T$2 -> #REF! | J37: =((#REF!/100)*#REF!)*$T$2 -> #REF! | K37: =((#REF!/100)*#REF!)*$T$2 -> #REF! | L37: =((#REF!/100)*#REF!)*$T$2 -> #REF! | M37: =((#REF!/100)*#REF!)*$T$2 -> #REF! | ... Q37: =((#REF!/100)*#REF!)*$T$2 -> #REF! | R37: =COUNTIF(F37:Q37,">0") -> 0 | S37: =SUM(F37:Q37) -> #REF! | T37: =IF($S$61=0,0,(S37/$S$61)) -> #REF!
B38: 3C | D38: CONTRAPARTIDA | E38: R$ | F38: =((#REF!/100)*#REF!)*$T$3 -> #REF! | G38: =((#REF!/100)*#REF!)*$T$3 -> #REF! | H38: =((#REF!/100)*#REF!)*$T$3 -> #REF! | I38: =((#REF!/100)*#REF!)*$T$3 -> #REF! | J38: =((#REF!/100)*#REF!)*$T$3 -> #REF! | K38: =((#REF!/100)*#REF!)*$T$3 -> #REF! | L38: =((#REF!/100)*#REF!)*$T$3 -> #REF! | M38: =((#REF!/100)*#REF!)*$T$3 -> #REF! | ... Q38: =((#REF!/100)*#REF!)*$T$3 -> #REF! | R38: =COUNTIF(F38:Q38,">0") -> 0 | S38: =SUM(F38:Q38) -> #REF! | T38: =IF($S$61=0,0,(S38/$S$61)) -> #REF!
B39: 4T | C39: ALVENARIA, DIVISÓRIAS, MUROS E FECHOS | D39: TESOURO | E39: R$ | F39: =((F11/100)*$S$11)*T2 -> 0 | G39: =((G11/100)*$S$11)*$T$2 -> 0 | H39: =((H11/100)*$S$11)*$T$2 -> 0 | I39: =((I11/100)*$S$11)*$T$2 -> 0 | J39: =((J11/100)*$S$11)*$T$2 -> 0 | K39: =((K11/100)*$S$11)*$T$2 -> 0 | L39: =((L11/100)*$S$11)*$T$2 -> 0 | M39: =((M11/100)*$S$11)*$T$2 -> 0 | N39: =((N11/100)*$S$11)*$T$2 -> 0 | ... Q39: =((Q11/100)*$S$11)*$T$2 -> 0 | R39: =COUNTIF(F39:Q39,">0") -> 0 | S39: =SUM(F39:Q39) -> 0 | T39: =IF($S$61=0,0,(S39/$S$61)) -> #REF!
B40: 4C | D40: CONTRAPARTIDA | E40: R$ | F40: =((F11/100)*$S$11)*$T$3 -> 0 | G40: =((G11/100)*$S$11)*$T$3 -> 0 | H40: =((H11/100)*$S$11)*$T$3 -> 0 | I40: =((I11/100)*$S$11)*$T$3 -> 116492.41 | J40: =((J11/100)*$S$11)*$T$3 -> 0 | K40: =((K11/100)*$S$11)*$T$3 -> 0 | L40: =((L11/100)*$S$11)*$T$3 -> 0 | M40: =((M11/100)*$S$11)*$T$3 -> 0 | ... Q40: =((Q11/100)*$S$11)*$T$3 -> 0 | R40: =COUNTIF(F40:Q40,">0") -> 1 | S40: =SUM(F40:Q40) -> 116492.41 | T40: =IF($S$61=0,0,(S40/$S$61)) -> #REF!
B41: 5T | C41: COBERTURA TELHA METALICA | D41: TESOURO | E41: R$ | F41: =((F12/100)*$S$12)*$T$2 -> 0 | G41: =((G12/100)*$S$12)*$T$2 -> 0 | H41: =((H12/100)*$S$12)*$T$2 -> 0 | I41: =((I12/100)*$S$12)*$T$2 -> 0 | J41: =((J12/100)*$S$12)*$T$2 -> 0 | K41: =((K12/100)*$S$12)*$T$2 -> 0 | L41: =((L12/100)*$S$12)*$T$2 -> 0 | M41: =((M12/100)*$S$12)*$T$2 -> 0 | ... Q41: =((Q12/100)*$S$12)*$T$2 -> 0 | R41: =COUNTIF(F41:Q41,">0") -> 0 | S41: =SUM(F41:Q41) -> 0 | T41: =IF($S$61=0,0,(S41/$S$61)) -> #REF!
B42: 5C | D42: CONTRAPARTIDA | E42: R$ | F42: =((F12/100)*$S$12)*$T$3 -> 0 | G42: =((G12/100)*$S$12)*$T$3 -> 0 | H42: =((H12/100)*$S$12)*$T$3 -> 0 | I42: =((I12/100)*$S$12)*$T$3 -> 0 | J42: =((J12/100)*$S$12)*$T$3 -> 5278.2275 | K42: =((K12/100)*$S$12)*$T$3 -> 0 | L42: =((L12/100)*$S$12)*$T$3 -> 0 | M42: =((M12/100)*$S$12)*$T$3 -> 0 | ... Q42: =((Q12/100)*$S$12)*$T$3 -> 0 | R42: =COUNTIF(F42:Q42,">0") -> 1 | S42: =SUM(F42:Q42) -> 5278.2275 | T42: =IF($S$61=0,0,(S42/$S$61)) -> #REF!
B43: 6T | C43: COBERTURA TELHA CERÂMICA | D43: TESOURO | E43: R$ | F43: =((F13/100)*$S$13)*$T$2 -> 0 | G43: =((G13/100)*$S$13)*$T$2 -> 0 | H43: =((H13/100)*$S$13)*$T$2 -> 0 | I43: =((I13/100)*$S$13)*$T$2 -> 0 | J43: =((J13/100)*$S$13)*$T$2 -> 0 | K43: =((K13/100)*$S$13)*$T$2 -> 0 | L43: =((L13/100)*$S$13)*$T$2 -> 0 | M43: =((M13/100)*$S$13)*$T$2 -> 0 | ... Q43: =((Q13/100)*$S$13)*$T$2 -> 0 | R43: =COUNTIF(F43:Q43,">0") -> 0 | S43: =SUM(F43:Q43) -> 0 | T43: =IF($S$61=0,0,(S43/$S$61)) -> #REF!
B44: 6C | D44: CONTRAPARTIDA | E44: R$ | F44: =((F13/100)*$S$13)*$T$3 -> 0 | G44: =((G13/100)*$S$13)*$T$3 -> 0 | H44: =((H13/100)*$S$13)*$T$3 -> 0 | I44: =((I13/100)*$S$13)*$T$3 -> 0 | J44: =((J13/100)*$S$13)*$T$3 -> 5694.0753 | K44: =((K13/100)*$S$13)*$T$3 -> 0 | L44: =((L13/100)*$S$13)*$T$3 -> 0 | M44: =((M13/100)*$S$13)*$T$3 -> 0 | ... Q44: =((Q13/100)*$S$13)*$T$3 -> 0 | R44: =COUNTIF(F44:Q44,">0") -> 1 | S44: =SUM(F44:Q44) -> 5694.0753 | T44: =IF($S$61=0,0,(S44/$S$61)) -> #REF!
B45: 7T | C45: REVESTIMENTOS DE PAREDES E PISOS, IMPERMEABILIZACÕES, PINTURAS E ARGAMASSAS | D45: TESOURO | E45: R$ | F45: =((F14/100)*$S$14)*$T$2 -> 0 | G45: =((G14/100)*$S$14)*$T$2 -> 0 | H45: =((H14/100)*$S$14)*$T$2 -> 0 | I45: =((I14/100)*$S$14)*$T$2 -> 0 | J45: =((J14/100)*$S$14)*$T$2 -> 0 | K45: =((K14/100)*$S$14)*$T$2 -> 0 | L45: =((L14/100)*$S$14)*$T$2 -> 0 | M45: =((M14/100)*$S$14)*$T$2 -> 0 | ... Q45: =((Q14/100)*$S$14)*$T$2 -> 0 | R45: =COUNTIF(F45:Q45,">0") -> 0 | S45: =SUM(F45:Q45) -> 0 | T45: =IF($S$61=0,0,(S45/$S$61)) -> #REF!
B46: 7C | D46: CONTRAPARTIDA | E46: R$ | F46: =((F14/100)*$S$14)*$T$3 -> 0 | G46: =((G14/100)*$S$14)*$T$3 -> 0 | H46: =((H14/100)*$S$14)*$T$3 -> 0 | I46: =((I14/100)*$S$14)*$T$3 -> 0 | J46: =((J14/100)*$S$14)*$T$3 -> 0 | K46: =((K14/100)*$S$14)*$T$3 -> 36392.349 | L46: =((L14/100)*$S$14)*$T$3 -> 36392.349 | M46: =((M14/100)*$S$14)*$T$3 -> 0 | ... Q46: =((Q14/100)*$S$14)*$T$3 -> 0 | R46: =COUNTIF(F46:Q46,">0") -> 2 | S46: =SUM(F46:Q46) -> 72784.697 | T46: =IF($S$61=0,0,(S46/$S$61)) -> #REF!
B47: 8T | C47: ESQUADRIAS, ACESSORIOS, VIDROS E ESPELHOS | D47: TESOURO | E47: R$ | F47: =((F15/100)*$S$15)*$T$2 -> 0 | G47: =((G15/100)*$S$15)*$T$2 -> 0 | H47: =((H15/100)*$S$15)*$T$2 -> 0 | I47: =((I15/100)*$S$15)*$T$2 -> 0 | J47: =((J15/100)*$S$15)*$T$2 -> 0 | K47: =((K15/100)*$S$15)*$T$2 -> 0 | L47: =((L15/100)*$S$15)*$T$2 -> 0 | M47: =((M15/100)*$S$15)*$T$2 -> 0 | ... Q47: =((Q15/100)*$S$15)*$T$2 -> 0 | R47: =COUNTIF(F47:Q47,">0") -> 0 | S47: =SUM(F47:Q47) -> 0 | T47: =IF($S$61=0,0,(S47/$S$61)) -> #REF!
B48: 8C | D48: CONTRAPARTIDA | E48: R$ | F48: =((F15/100)*$S$15)*$T$3 -> 0 | G48: =((G15/100)*$S$15)*$T$3 -> 0 | H48: =((H15/100)*$S$15)*$T$3 -> 0 | I48: =((I15/100)*$S$15)*$T$3 -> 0 | J48: =((J15/100)*$S$15)*$T$3 -> 0 | K48: =((K15/100)*$S$15)*$T$3 -> 0 | L48: =((L15/100)*$S$15)*$T$3 -> 0 | M48: =((M15/100)*$S$15)*$T$3 -> 10960.838 | ... Q48: =((Q15/100)*$S$15)*$T$3 -> 0 | R48: =COUNTIF(F48:Q48,">0") -> 1 | S48: =SUM(F48:Q48) -> 10960.838 | T48: =IF($S$61=0,0,(S48/$S$61)) -> #REF!
B49: 9T | C49: INSTAL. ELETRICAS, TELEFONIA, SISTEMAS DE PROTEÇÃO E VENTILAÇÃO | D49: TESOURO | E49: R$ | F49: =((F16/100)*$S$16)*$T$2 -> 0 | G49: =((G16/100)*$S$16)*$T$2 -> 0 | H49: =((H16/100)*$S$16)*$T$2 -> 0 | I49: =((I16/100)*$S$16)*$T$2 -> 0 | J49: =((J16/100)*$S$16)*$T$2 -> 0 | K49: =((K16/100)*$S$16)*$T$2 -> 0 | L49: =((L16/100)*$S$16)*$T$2 -> 0 | M49: =((M16/100)*$S$16)*$T$2 -> 0 | ... Q49: =((Q16/100)*$S$16)*$T$2 -> 0 | R49: =COUNTIF(F49:Q49,">0") -> 0 | S49: =SUM(F49:Q49) -> 0 | T49: =IF($S$61=0,0,(S49/$S$61)) -> #REF!
B50: 9C | D50: CONTRAPARTIDA | E50: R$ | F50: =((F16/100)*$S$16)*$T$3 -> 0 | G50: =((G16/100)*$S$16)*$T$3 -> 0 | H50: =((H16/100)*$S$16)*$T$3 -> 0 | I50: =((I16/100)*$S$16)*$T$3 -> 0 | J50: =((J16/100)*$S$16)*$T$3 -> 0 | K50: =((K16/100)*$S$16)*$T$3 -> 0 | L50: =((L16/100)*$S$16)*$T$3 -> 0 | M50: =((M16/100)*$S$16)*$T$3 -> 10118.338 | ... Q50: =((Q16/100)*$S$16)*$T$3 -> 0 | R50: =COUNTIF(F50:Q50,">0") -> 1 | S50: =SUM(F50:Q50) -> 10118.338 | T50: =IF($S$61=0,0,(S50/$S$61)) -> #REF!
B51: 10T | C51: INSTAL. HIDROSANITÁRIAS, GAS-GLP, INCÊNDIO E APARELHOS | D51: TESOURO | E51: R$ | F51: =((F17/100)*$S$17)*$T$2 -> 0 | G51: =((G17/100)*$S$17)*$T$2 -> 0 | H51: =((H17/100)*$S$17)*$T$2 -> 0 | I51: =((I17/100)*$S$17)*$T$2 -> 0 | J51: =((J17/100)*$S$17)*$T$2 -> 0 | K51: =((K17/100)*$S$17)*$T$2 -> 0 | L51: =((L17/100)*$S$17)*$T$2 -> 0 | M51: =((M17/100)*$S$17)*$T$2 -> 0 | ... Q51: =((Q17/100)*$S$17)*$T$2 -> 0 | R51: =COUNTIF(F51:Q51,">0") -> 0 | S51: =SUM(F51:Q51) -> 0 | T51: =IF($S$61=0,0,(S51/$S$61)) -> #REF!
B52: 10C | D52: CONTRAPARTIDA | E52: R$ | F52: =((F17/100)*$S$17)*$T$3 -> 0 | G52: =((G17/100)*$S$17)*$T$3 -> 0 | H52: =((H17/100)*$S$17)*$T$3 -> 0 | I52: =((I17/100)*$S$17)*$T$3 -> 0 | J52: =((J17/100)*$S$17)*$T$3 -> 0 | K52: =((K17/100)*$S$17)*$T$3 -> 0 | L52: =((L17/100)*$S$17)*$T$3 -> 0 | M52: =((M17/100)*$S$17)*$T$3 -> 28468.009 | ... Q52: =((Q17/100)*$S$17)*$T$3 -> 0 | R52: =COUNTIF(F52:Q52,">0") -> 1 | S52: =SUM(F52:Q52) -> 28468.009 | T52: =IF($S$61=0,0,(S52/$S$61)) -> #REF!
B53: 11T | C53: DIVERSOS (LIMPEZA,ENSAIOS TECNOLÓGICOS, EQUIPAMENTOS) | D53: TESOURO | E53: R$ | F53: =((F18/100)*$S$18)*$T$2 -> 0 | G53: =((G18/100)*$S$18)*$T$2 -> 0 | H53: =((H18/100)*$S$18)*$T$2 -> 0 | I53: =((I18/100)*$S$18)*$T$2 -> 0 | J53: =((J18/100)*$S$18)*$T$2 -> 0 | K53: =((K18/100)*$S$18)*$T$2 -> 0 | L53: =((L18/100)*$S$18)*$T$2 -> 0 | M53: =((M18/100)*$S$18)*$T$2 -> 0 | ... Q53: =((Q18/100)*$S$18)*$T$2 -> 0 | R53: =COUNTIF(F53:Q53,">0") -> 0 | S53: =SUM(F53:Q53) -> 0 | T53: =IF($S$61=0,0,(S53/$S$61)) -> #REF!
B54: 11C | D54: CONTRAPARTIDA | E54: R$ | F54: =((F18/100)*$S$18)*$T$3 -> 0 | G54: =((G18/100)*$S$18)*$T$3 -> 0 | H54: =((H18/100)*$S$18)*$T$3 -> 0 | I54: =((I18/100)*$S$18)*$T$3 -> 0 | J54: =((J18/100)*$S$18)*$T$3 -> 0 | K54: =((K18/100)*$S$18)*$T$3 -> 0 | L54: =((L18/100)*$S$18)*$T$3 -> 0 | M54: =((M18/100)*$S$18)*$T$3 -> 0 | ... Q54: =((Q18/100)*$S$18)*$T$3 -> 0 | R54: =COUNTIF(F54:Q54,">0") -> 1 | S54: =SUM(F54:Q54) -> 18029.57 | T54: =IF($S$61=0,0,(S54/$S$61)) -> #REF!
B55: 12T | C55: MURO | D55: TESOURO | E55: R$ | F55: =((#REF!/100)*#REF!)*$T$2 -> #REF! | G55: =((#REF!/100)*#REF!)*$T$2 -> #REF! | H55: =((#REF!/100)*#REF!)*$T$2 -> #REF! | I55: =((#REF!/100)*#REF!)*$T$2 -> #REF! | J55: =((#REF!/100)*#REF!)*$T$2 -> #REF! | K55: =((#REF!/100)*#REF!)*$T$2 -> #REF! | L55: =((#REF!/100)*#REF!)*$T$2 -> #REF! | M55: =((#REF!/100)*#REF!)*$T$2 -> #REF! | ... Q55: =((#REF!/100)*#REF!)*$T$2 -> #REF! | R55: =COUNTIF(F55:Q55,">0") -> 0 | S55: =SUM(F55:Q55) -> #REF! | T55: =IF($S$61=0,0,(S55/$S$61)) -> #REF!
B56: 12C | D56: CONTRAPARTIDA | E56: R$ | F56: =((#REF!/100)*#REF!)*$T$3 -> #REF! | G56: =((#REF!/100)*#REF!)*$T$3 -> #REF! | H56: =((#REF!/100)*#REF!)*$T$3 -> #REF! | I56: =((#REF!/100)*#REF!)*$T$3 -> #REF! | J56: =((#REF!/100)*#REF!)*$T$3 -> #REF! | K56: =((#REF!/100)*#REF!)*$T$3 -> #REF! | L56: =((#REF!/100)*#REF!)*$T$3 -> #REF! | M56: =((#REF!/100)*#REF!)*$T$3 -> #REF! | ... Q56: =((#REF!/100)*#REF!)*$T$3 -> #REF! | R56: =COUNTIF(F56:Q56,">0") -> 0 | S56: =SUM(F56:Q56) -> #REF! | T56: =IF($S$61=0,0,(S56/$S$61)) -> #REF!
B58: T | C58: TOTAIS | D58: TESOURO | E58: R$ | F58: =SUMIF($D$33:$D$56,"TESOURO",F$33:F$56) -> #REF! | G58: =SUMIF($D$33:$D$56,"TESOURO",G$33:G$56) -> #REF! | H58: =SUMIF($D$33:$D$56,"TESOURO",H$33:H$56) -> #REF! | I58: =SUMIF($D$33:$D$56,"TESOURO",I$33:I$56) -> #REF! | J58: =SUMIF($D$33:$D$56,"TESOURO",J$33:J$56) -> #REF! | K58: =SUMIF($D$33:$D$56,"TESOURO",K$33:K$56) -> #REF! | L58: =SUMIF($D$33:$D$56,"TESOURO",L$33:L$56) -> #REF! | M58: =SUMIF($D$33:$D$56,"TESOURO",M$33:M$56) -> #REF! | ... Q58: =SUMIF($D$33:$D$56,"TESOURO",Q$33:Q$56) -> #REF! | S58: =SUMIF($D$33:$D$56,"TESOURO",S$33:S$56) -> #REF! | T58: =SUMIF($D$33:$D$56,"TESOURO",T$33:T$56) -> #REF!
B59: C | D59: CONTRAPARTIDA | E59: R$ | F59: =SUMIF($D$33:$D$56,"CONTRAPARTIDA",F$33:F$56) -> #REF! | G59: =SUMIF($D$33:$D$56,"CONTRAPARTIDA",G$33:G$56) -> #REF! | H59: =SUMIF($D$33:$D$56,"CONTRAPARTIDA",H$33:H$56) -> #REF! | I59: =SUMIF($D$33:$D$56,"CONTRAPARTIDA",I$33:I$56) -> #REF! | J59: =SUMIF($D$33:$D$56,"CONTRAPARTIDA",J$33:J$56) -> #REF! | K59: =SUMIF($D$33:$D$56,"CONTRAPARTIDA",K$33:K$56) -> #REF! | L59: =SUMIF($D$33:$D$56,"CONTRAPARTIDA",L$33:L$56) -> #REF! | M59: =SUMIF($D$33:$D$56,"CONTRAPARTIDA",M$33:M$56) -> #REF! | ... Q59: =SUMIF($D$33:$D$56,"CONTRAPARTIDA",Q$33:Q$56) -> #REF! | S59: =SUMIF($D$33:$D$56,"CONTRAPARTIDA",S$33:S$56) -> #REF! | T59: =SUMIF($D$33:$D$56,"CONTRAPARTIDA",T$33:T$56) -> #REF!
B61: FATURAMENTO MENSAL PREVISTO | E61: R$ | F61: =SUM(F58:F59) -> #REF! | G61: =SUM(G58:G59) -> #REF! | H61: =SUM(H58:H59) -> #REF! | I61: =SUM(I58:I59) -> #REF! | J61: =SUM(J58:J59) -> #REF! | K61: =SUM(K58:K59) -> #REF! | L61: =SUM(L58:L59) -> #REF! | M61: =SUM(M58:M59) -> #REF! | ... Q61: =SUM(Q58:Q59) -> #REF! | S61: =SUM(F61:Q61) -> #REF! | T61: =SUM(T58:T59) -> #REF!
B62: MENSAL PARCIAL PREVISTO EM % | E62: R$ | F62: =IF($S$61=0,0,F61/$S$61) -> #REF! | G62: =IF($S$61=0,0,G61/$S$61) -> #REF! | H62: =IF($S$61=0,0,H61/$S$61) -> #REF! | I62: =IF($S$61=0,0,I61/$S$61) -> #REF! | J62: =IF($S$61=0,0,J61/$S$61) -> #REF! | K62: =IF($S$61=0,0,K61/$S$61) -> #REF! | L62: =IF($S$61=0,0,L61/$S$61) -> #REF! | M62: =IF($S$61=0,0,M61/$S$61) -> #REF! | ... Q62: =IF($S$61=0,0,Q61/$S$61) -> #REF! | S62: =S58+S59 -> #REF! | T62: =SUM(F62:Q62) -> #REF!
B63: MENSAL ACUMULADO PREVISTO EM % | E63: R$ | F63: =F62 -> #REF! | G63: =IF(G61=0,0,F63+G62) -> #REF! | H63: =IF(H61=0,0,G63+H62) -> #REF! | I63: =IF(I61=0,0,H63+I62) -> #REF! | J63: =IF(J61=0,0,I63+J62) -> #REF! | K63: =IF(K61=0,0,J63+K62) -> #REF! | L63: =IF(L61=0,0,K63+L62) -> #REF! | M63: =IF(M61=0,0,L63+M62) -> #REF! | N63: =IF(N61=0,0,M63+N62) -> #REF! | ... Q63: =IF(Q61=0,0,P63+Q62) -> #REF! | S63: =IF(S61=S62,"OK","CORRIGIR") -> #REF! | T63: =IF(T61=T62,"OK","CORRIGIR") -> #REF!
B64: Resp. Técnico: | F64: Assinatura: | J64: Prefeito: | N64: Assinatura: | Q64: data:
B66: ='Planilha de Serviços'!$A$5 -> Tabela de referência: SINAPI de 01/2026 - sem desoneração | R66: ='Planilha de Serviços'!$H$5 -> 0 | S66: ='Planilha de Serviços'!$I$5 -> 46093

Sheet BDI
A1: BDI - ACÓRDÃO Nº 2622/2013 - TCU - EDITAL LICITAÇÃO EDIFICAÇÃO - ANEXO VII | K1: BDI - ACÓRDÃO Nº 2622/2013 - TCU - EMPRESA - PROPOSTA EDIFICAÇÃO - ANEXO VII
A2: IMPOSTOS | C2: ISS = | D2: =B26 -> 3 | K2: IMPOSTOS | N2: ISS = | O2: =D2 -> 3
C3: PIS = | D3: 0.65 | N3: PIS = | O3: 0.65
C4: COFINS = | D4: 3 | N4: COFINS = | O4: 3
C5: CPRB = | D5: 0 | N5: CPRB = | O5: 0
B6: TOTAL = | D6: =SUM(D2:D5) -> 6.65 | M6: TOTAL = | O6: =SUM(O2:O5) -> 6.65
A7: TIPO DE SERVIÇO | B7: SERVIÇOS | C7: MATERIAIS | D7: EQUIPAMENTOS | K7: TIPO DE SERVIÇO | M7: SERVIÇO | N7: MATERIAIS | O7: EQUIPAMENTOS
A8: ADMINISTRAÇÃO CENTRAL | B8: 5 | C8: 3.45 | D8: 4 | K8: ADMINISTRAÇÃO CENTRAL | M8: =B8 -> 5 | N8: =C8 -> 3.45 | O8: =D8 -> 4
A9: RISCOS | B9: 1.27 | C9: 0.85 | D9: 1.27 | K9: RISCOS | M9: =B9 -> 1.27 | N9: =C9 -> 0.85 | O9: =D9 -> 1.27
A10: SEGUROS E GRANTIAS | B10: 1 | C10: 0.48 | D10: 0.8 | K10: SEGUROS E GRANTIAS | M10: =B10 -> 1 | N10: =C10 -> 0.48 | O10: =D10 -> 0.8
A11: DESPESAS FINANCEIRAS | B11: 1 | C11: 0.85 | D11: 0.85 | K11: DESPESAS FINANCEIRAS | M11: =B11 -> 1 | N11: =C11 -> 0.85 | O11: =D11 -> 0.85
A12: LUCRO | B12: 7.44 | C12: 5.11 | D12: 7.4 | K12: LUCRO | M12: =B12 -> 7.44 | N12: =C12 -> 5.11 | O12: =D12 -> 7.4
A13: BDI (OBRA OU MATERIAIS/EQUIP.) | B13: =(((((1+(B8+B9+B10)/100)*(1+B11/100)*(1+B12/100))/(1-D6/100))-1)*100) -> 24.695658 | C13: =(((((1+(C8+C9+C10)/100)*(1+C11/100)*(1+C12/100))/(1-(D3+D4+D5)/100))-1)*100) -> 15.278048 | D13: =(((((1+(D8+D9+D10)/100)*(1+D11/100)*(1+D12/100))/(1-(D3+D4+D5)/100))-1)*100) -> 19.239744 | K13: BDI (OBRA OU MATERIAIS/EQUIP.) | M13: =(((((1+(M8+M9+M10)/100)*(1+M11/100)*(1+M12/100))/(1-O6/100))-1)*100) -> 24.695658 | N13: =(((((1+(N8+N9+N10)/100)*(1+N11/100)*(1+N12/100))/(1-(O3+O4+O5)/100))-1)*100) -> 15.278048 | O13: =(((((1+(O8+O9+O10)/100)*(1+O11/100)*(1+O12/100))/(1-(O3+O4+O5)/100))-1)*100) -> 19.239744
A14: BDI=(((((1+(B8+B9+B10)/100)*(1+B11/100)*(1+B12/100))/(1-D6/100))-1)*100) | K14: BDI=(((((1+(M8+M9+M10)/100)*(1+M11/100)*(1+M12/100))/(1-O6/100))-1)*100)
A15: 1. BDI (SERVIÇO - OBRA) | B15: =IF(E15="X",0,ROUND(B13,2)/100) -> 0.247 | K15: BDI (SERVIÇO - OBRA) | M15: =IF(P15="X",0,ROUND(M13,2)/100) -> 0.247
A17: 2. BDI (MATERIAIS E EQUIPAMENTOS) | B17: =IF(E15="X",0,ROUND(C13,2)/100) -> 0.1528 | K17: BDI (MATERIAIS E EQUIPAMENTOS) | M17: =IF(P15="X",0,ROUND(N13,2)/100) -> 0.1528
A19: 3. BDI (EQUIPAMENTOS) | B19: =IF(E15="X",0,ROUND(D13,2)/100) -> 0.1924 | K19: BDI (EQUIPAMENTOS) | M19: =IF(P15="X",0,ROUND(O13,2)/100) -> 0.1924
B22: DIGITE | K22: Representante da Empresa (Assinatura Digital): | O22: Data da Proposta:
A23: 1 - Solicitar o valor do ISS do município | B23: 3 | C23: =IF(B23<=5,"% - Ok","Verificar o valor do ISS, se de acordo com a Lei Municipal") -> % - Ok
A24: 2- Solicitar a "Base de Cálculo" (% de mão de Obra) - Lei Municipal | B24: 100 | C24: %
A25: 3- Fórmula de cálculo do ISS | B25: =ISS x base de cálculo | O25: =[3]Dados_Obra!L24 -> 45971
A26: 4- Valor do ISS calculado | B26: =ROUND(B23*B24/100,4) -> 3 | C26: %
K27: Resp. Técnico da Empresa e CREA/CAU (Assinatura Digital):
A28: VALORES DO BDI POR TIPO DE OBRA
A29: TIPOS DE OBRA | B29: 1º Quartil | C29: Médio | D29: 3º Quartil
A30: CONSTRUÇÃO DE EDIFÍCIOS | B30: 0.2034 | C30: 0.2212 | D30: 0.25
A31: CONSTRUÇÃO DE RODOVIAS E FERROVIAS | B31: 0.196 | C31: 0.2095 | D31: 0.2423
A32: CONSTRUÇÃO DE REDES DE ABASTECIMENTO DE ÁGUA, COLETA DE ESGOTO E CONSTRUÇÕES CORRELATAS | B32: 0.2076 | C32: 0.2418 | D32: 0.2644
A33: CONSTRUÇÃO E MANUTENÇÃO DE ESTAÇÕES E REDES DE DISTRIBUIÇÃO DE ENERGIA ELÉTRICA | B33: 0.24 | C33: 0.2584 | D33: 0.2786
A34: OBRAS PORTUÁRIAS, MARÍTIMAS E FLUVIAIS | B34: 0.228 | C34: 0.2748 | D34: 0.3095
A37: BDI PARA ITENS DE MERO FORNECIMENTO DE MATERIAIS E EQUIPAMENTOS | B37: 1º Quartil | C37: Médio | D37: 3º Quartil
B38: 0.111 | C38: 0.1402 | D38: 0.168
A41: TIPOS DE OBRA | B41: ADMINISTRAÇÃO CENTRAL | E41: RISCO | H41: SEGURO + GARANTIA | K41: DESPESA FINANCEIRA | N41: LUCRO
B42: 1º Quartil | C42: Médio | D42: 3º Quartil | E42: 1º Quartil | F42: Médio | G42: 3º Quartil | H42: 1º Quartil | I42: Médio | J42: 3º Quartil | K42: 1º Quartil | L42: Médio | M42: 3º Quartil | N42: 1º Quartil | O42: Médio | P42: 3º Quartil
A43: CONSTRUÇÃO DE EDIFÍCIOS | B43: 0.03 | C43: 0.04 | D43: 0.055 | E43: 0.0097 | F43: 0.0127 | G43: 0.0127 | H43: 0.008 | I43: 0.008 | J43: 0.01 | K43: 0.0059 | L43: 0.0123 | M43: 0.0139 | N43: 0.0616 | O43: 0.074 | P43: 0.0896
A44: CONSTRUÇÃO DE RODOVIAS E FERROVIAS | B44: 0.038 | C44: 0.0401 | D44: 0.0467 | E44: 0.005 | F44: 0.0056 | G44: 0.0097 | H44: 0.0032 | I44: 0.004 | J44: 0.0074 | K44: 0.0102 | L44: 0.0111 | M44: 0.0121 | N44: 0.0664 | O44: 0.073 | P44: 0.0869
A45: CONSTRUÇÃO DE REDES DE ABASTECIMENTO DE ÁGUA, COLETA DE ESGOTO E CONSTRUÇÕES CORRELATAS | B45: 0.0343 | C45: 0.0493 | D45: 0.0671 | E45: 0.01 | F45: 0.0139 | G45: 0.0174 | H45: 0.0028 | I45: 0.0049 | J45: 0.0075 | K45: 0.0094 | L45: 0.0099 | M45: 0.0117 | N45: 0.0674 | O45: 0.0804 | P45: 0.094
A46: CONSTRUÇÃO E MANUTENÇÃO DE ESTAÇÕES E REDES DE DISTRIBUIÇÃO DE ENERGIA ELÉTRICA | B46: 0.0529 | C46: 0.0592 | D46: 0.0793 | E46: 0.01 | F46: 0.0148 | G46: 0.0197 | H46: 0.0025 | I46: 0.0051 | J46: 0.0056 | K46: 0.0101 | L46: 0.0107 | M46: 0.0111 | N46: 0.08 | O46: 0.0831 | P46: 0.0951
A47: OBRAS PORTUÁRIAS, MARÍTIMAS E FLUVIAIS | B47: 0.04 | C47: 0.0552 | D47: 0.0785 | E47: 0.0146 | F47: 0.0232 | G47: 0.0316 | H47: 0.0081 | I47: 0.0122 | J47: 0.0199 | K47: 0.0094 | L47: 0.0102 | M47: 0.0133 | N47: 0.0714 | O47: 0.084 | P47: 0.1043
A50: BDI PARA ITENS DE MERO FORNECIMENTO DE MATERIAIS E EQUIPAMENTOS
A51: PARCELA DO BDI | B51: 1º Quartil | C51: Médio | D51: 3º Quartil
A52: ADMINISTRAÇÃO CENTRAL | B52: 0.015 | C52: 0.0345 | D52: 0.0449
A53: SEGURO + GARANTIA | B53: 0.003 | C53: 0.0048 | D53: 0.0082
A54: RISCO | B54: 0.0056 | C54: 0.0085 | D54: 0.0089
A55: DESPESA FINANCEIRA | B55: 0.0085 | C55: 0.0085 | D55: 0.0111
A56: LUCRO | B56: 0.035 | C56: 0.0511 | D56: 0.0622
A59: PERCENTUAL DE ADMINISTRAÇÃO LOCAL INSERIDO NO CUSTO DIRETO*
A60: TIPOS DE OBRA | B60: 1º Quartil | C60: Médio | D60: 3º Quartil
A61: CONSTRUÇÃO DE EDIFÍCIOS | B61: 0.0349 | C61: 0.0623 | D61: 0.0887
A62: CONSTRUÇÃO DE RODOVIAS E FERROVIAS | B62: 0.0198 | C62: 0.0699 | D62: 0.1068
A63: CONSTRUÇÃO DE REDES DE ABASTECIMENTO DE ÁGUA, COLETA DE ESGOTO E CONSTRUÇÕES CORRELATAS | B63: 0.0413 | C63: 0.0764 | D63: 0.1089
A64: CONSTRUÇÃO E MANUTENÇÃO DE ESTAÇÕES E REDES DE DISTRIBUIÇÃO DE ENERGIA ELÉTRICA | B64: 0.0185 | C64: 0.0505 | D64: 0.0745
A65: OBRAS PORTUÁRIAS, MARÍTIMAS E FLUVIAIS | B65: 0.0623 | C65: 0.0748 | D65: 0.0909
A67: *Para verificação da adequabilidade das planilhas orçamentárias das obras públicas utilizar como referência do impacto esperado para os itens associados a administração local no valor total do orçamento, os seguintes valores percentuais abtidos no estudo de que tratam estes autos.
AK85: =AK99 -> ORIENTAÇÕES PARA O PREENCHIMENTO DAS INFORMAÇÕES NAS CÉLULAS (Favor LER as instruções para o preenchimento deste arquivo)
AK87: Células de cor de fundo "verde" destinado às Prefeituras e Projetistas
AK89: Células de cor de fundo "azul claro" destinado às EMPRESAS participantes da licitação
AK91: Células CINZAS das ETAPAS são EDITÁVEIS pela Prefeitura e pela EMPRESA, somente na Implantação e PARTES (abas azuis), mas NÃO na Cartilha_GLOBAL.
AK99: ORIENTAÇÕES PARA O PREENCHIMENTO DAS INFORMAÇÕES NAS CÉLULAS (Favor LER as instruções para o preenchimento deste arquivo)
AK101: Células de cor de fundo "verde" destinado às Prefeituras e Projetistas | AM101: Células de cor de fundo "azul claro" destinado às EMPRESAS participantes da licitação | AO101: Células CINZAS das ETAPAS são EDITÁVEIS pela Prefeitura e pela EMPRESA, somente na Implantação e PARTES (abas azuis), mas NÃO na Cartilha_GLOBAL.

Sheet MEMORIAL
A1: MURO
A2: DEMOLICAO
A3: GABARITO | B3: 6.42 | C3: 2.5 | D3: 7.8 | E3: 20 | G3: =SUM(B3:F3) -> 36.72 | H3: M
A5: ESTACAS | B5: 36,72 M DE MURO | C5: A CADA 2,5M | D5: 17 ESTACAS DE 6 M | E5: 102M
A6: ARAMACAO | B6: 25*3,50 | C6: 59,5M DE COLUNA ARMADA | D6: 297M ACO 10MM | E6: 183,25KG
B7: ESTRIBO | C7: A CADA 15CM (15X15) | D7: 345M ACO 5MM | E7: 53,13KG
A8: BLOCO | B8: 0,5X0,5X0,5 | C8: 0,12M3 X 17 = 2,04‬M3
A9: FORMA | B9: 1M2 X 17 = 17M2
A10: ARAMACAO | B10: 9M X17 = 153M | C10: 37,48KG
A12: BALDRAME | B12: 36,72M | C12: FORMA 36,72X0,3 X2 = 22,03‬M2
B13: VALA | C13: 36,72X0,3X0,2 = 2,26
B14: ARMACAO 10MM | C14: 36,72X4 = 146,88‬M | D14: 90,62KG
B15: ARMACAO 5MM | D15: 122,45kg
B16: CONCRETO | C16: 36,72X0,3X0,15= 1,65M3
B17: IMPERM. | C17: (0,3+0,3+0,15)X36,72= 27,54‬M2
A19: RAMPA
A20: ESTACAS | B20: 30,83 M | C20: A CADA 2,5M | D20: 18 ESTACAS DE 6 M | E20: 108M
A21: ARAMACAO | B21: 18*3,50 | C21: 63M DE COLUNA ARMADA | D21: 315M ACO 10MM | E21: 194,35KG
B22: ESTRIBO | C22: A CADA 15CM (15X15) | D22: 333M ACO 5MM | E22: 58,28KG
A24: BLOCO | B24: 0,5X0,5X0,5 | C24: 0,12M3 X 17 = 2,16‬M3
A25: FORMA | B25: 1M2 X 18 = 18M2
A26: ARAMACAO | B26: 9M X18 = 162M | C26: 39,69KG
A28: BALDRAME | B28: 30,83‬M | C28: FORMA 30,83X0,3 X2 = 18,49‬M2
B29: VALA | C29: 30,83X0,3X0,2 = 1,84M3
B30: ARMACAO 10MM | C30: 30,83X4 = 123,32‬M | D30: 76,08KG
B31: ARMACAO 5MM | D31: 98,32kg
B32: CONCRETO | C32: 30,83X0,3X0,15= 1,39M3
B33: IMPERM. | C33: (0,3+0,3+0,15)X30,83= 23,12M2
A35: GERAL
A36: PILAR | B36: 35 pilares (0,2X0,3)
B37: FORMA | C37: (0,3+0,3)*35 = 21m2
B38: ARMAÇÃO | C38: 6 verg 10mm altura media 2,5m | D38: 2,5x6 = 15m | E38: 15x35 = 525m | F38: 323,92kg
B39: ESTRIBO 14X24 | C39: 14X24 | D39: 87,50/0,15 = 583,33 ESTRIBOS | E39: 583,33X0,86 = 501,66M | F39: 77,25kg
B40: CONCRETO | C40: ((0,3X0,2) X 2,50) X 35 = 5,25M3
A42: RESPALDO | B42: 67,55M (15X30)
B43: FORMA | C43: JÁ INCLUSO NA BALDRAME
B44: ARAMAÇÃO | C44: 6 verg. Em cima 2 10mm, em baixo 4 12,5mm
B45: verg 10mm | C45: 2x67,55 = 135,10m | D45: 83,35kg
B46: verg. 12,5mm | C46: 4x67,55 = 270,2‬0m | D46: 260,20kg
B47: ESTRIBO 10X24 | C47: 67,55/0,13 = 520 ESTRIBOS | D47: 520X0,78 = 405,60M | E47: 62,46kg
B48: CONCRETO | C48: 0,15X0,30X67,55 = 3,04M3
A50: LAJE | B50: 112,62M2
B51: ARMAÇÃO 10mm | C51: 36,72M x 1,50M de rampa | D51: 1,50/0,15 = 10 barras | E51: 10x36,72 = 367,20m | F51: 226,56kg
B52: ARMAÇÃO 8mm | D52: 36,72/0,2 = 183,60 barras | E52: 183,60x1,50 = 91,8 | F52: 36,26kg
B53: CONCRETO | C53: 112,62X0,12 = 13,51M3
A55: ALVENARIA | B55: 36,72X2,5 = 91,8‬ | C55: 79,8M2
B56: CHAPISCO FORA | C56: 36,72 - 20 - 4,80 = 11,92M | D56: 11,92X2,5 = 29,8‬M2 | E56: 109,6‬
B57: CHAPISCO DENTRO | C57: 36,72 - 4,80 = 31,92M | D57: 31,92X2,5 = 79,8‬M2
B58: REBOCO FORA | C58: 36,72 - 20 - 4,80 = 11,92M | D58: 11,92X2,5 = 29,8‬M2 | E58: 109,6‬
B59: REBOCO DENTRO | C59: 36,72 - 4,80 = 31,92M | D59: 31,92X2,5 = 79,8‬M2
A61: GUARDA-CORPO | B61: 67,55M
A63: AREA INTERNA
A65: DEMOLICAO | B65: 1,20X2,10X0,15 = 0,38M3 | C65: 2,38X2,10X,015 = 0,75M3 | D65: 5,5X2,10X0,15 = 1,73‬M3 | E65: 2,31X2,10X0,15 = 0,73
B66: 0.38 | C66: 0.75 | D66: 1.73 | E66: 0.73 | G66: TOTAL | H66: =SUM(B66:E66) -> 3.59
A68: REMOCAO DE PORTA | B68: 0.8 | C68: 1.8 | D68: =(B68*C68) -> 1.44
B69: 0.8 | C69: 1.8 | D69: =(B69*C69) -> 1.44
B70: 0.7 | C70: 2.1 | D70: =(B70*C70) -> 1.47
B71: 0.8 | C71: 2.1 | D71: =(B71*C71) -> 1.68
B72: 0.8 | C72: 2.1 | D72: =(B72*C72) -> 1.68
D73: =SUM(D68:D72) -> 7.71 | E73: M2
A75: REMOCAO DE DIVISORIAS | B75: 13.9 | C75: 2.1 | D75: =(B75*C75) -> 29.19
B76: 4.6 | C76: 2.1 | D76: =(B76*C76) -> 9.66
B77: 4.6 | C77: 2.1 | D77: =(B77*C77) -> 9.66
B78: 5 | C78: 2.1 | D78: =(B78*C78) -> 10.5
B79: 6.8 | C79: 2.1 | D79: =(B79*C79) -> 14.28
B80: 13.84 | C80: 2.1 | D80: =(B80*C80) -> 29.064
D81: =SUM(D75:D80) -> 102.354 | E81: M2
A82: ALVENARIA | B82: 2,31X3 = 6,93‬M2
B83: 0,8X2,10 = 1,68M2
B84: 8,61M2
A86: DRYWALL | B86: 17,41‬
A88: PORTAS
A89: VIDRO TEMPERADO | B89: 1.2 | C89: 2.1 | D89: =(B89*C89) -> 2.52
A90: MADEIRA | B90: 1.2 | C90: 2.1 | D90: =(B90*C90) -> 2.52
A91: MADEIRA | B91: 0.9 | C91: 2.1 | D91: =(B91*C91) -> 1.89
A92: MADEIRA | B92: 0.8 | C92: 2.1 | D92: =(B92*C92) -> 1.68
C94: MADEIRA | D94: =SUM(D90:D93) -> 6.09
A96: ELETRICA
A97: REMOÇAO DE LUM | B97: 2 | C97: REMOCAO DE FIACAO | D97: 6MM | E97: 4,0MM | F97: 2,5MM
B98: 5 | D98: 27.67 | E98: 180 | F98: 140.4
B99: 3 | D99: 27.67
B100: 2 | D100: 27.67 | E100: =(E98*1.3) -> 234
B101: 1 | D101: 27.67
B102: 1 | D102: 27.67
B103: 2
B104: 1 | D104: =SUM(D98:D103) -> 138.35
B105: 2 | D105: =(D104*1.3) -> 179.855
B106: 1 | E106: =(D105+E100+F98) -> 554.255
B107: 4
B108: 29
B109: 1
B110: 2
B111: 4
A113: DEMOLICAO PISO CERAMICO | B113: PISO | C113: PAREDE
A114: COPA ANTIGA | B114: 11.14 | C114: 37.74
A115: BWC M | B115: 3.5 | C115: 23.02
A116: LAVABO | B116: 0.9 | C116: 3.98
A117: BWC F | B117: 14.18 | C117: 45.59
A118: BANHEIRO | B118: 3.68 | C118: 23.97
B119: =SUM(B114:B118) -> 33.4 | C119: =SUM(C114:C118) -> 134.3

Sheet cotações
A1: COTAÇÕES
A5: ITEM | B5: DESCRIÇÃO | C5: EMPRESA | D5: UNID. | E5: COEF. | F5: R$ UNIT. | G5: CUSTO TOTAL (R$) | H5: análise
H6: média | I6: mediana
A7: COTAÇÃO 1 | B7: PORTA PIVOTANTE 01 FOLHA INCOLOR 10MM, TEMPERADO, DIMENSÃO 0,90x2,10 -INSTALADO | D7: UN | G7: =(G8+G9+G10)/3 -> 1085.0733
B8: =B7 -> PORTA PIVOTANTE 01 FOLHA INCOLOR 10MM, TEMPERADO, DIMENSÃO 0,90x2,10 -INSTALADO | C8: BELLA CASA PERSIANAS E VIDRAÇARIA | D8: UN | E8: 1 | F8: 1112.87 | G8: =F8*E8 -> 1112.87
B9: =B8 -> PORTA PIVOTANTE 01 FOLHA INCOLOR 10MM, TEMPERADO, DIMENSÃO 0,90x2,10 -INSTALADO | C9: SERRAGLASS | D9: UN | E9: 1 | F9: 1136.35 | G9: =F9*E9 -> 1136.35 | H9: =SUM(G8:G10)/3 -> 1085.0733 | I9: 1112.87
B10: =B9 -> PORTA PIVOTANTE 01 FOLHA INCOLOR 10MM, TEMPERADO, DIMENSÃO 0,90x2,10 -INSTALADO | C10: VIDRAÇARIA PARANA | D10: UN | E10: 1 | F10: 1006 | G10: =F10*E10 -> 1006
A11: COTAÇÃO 2 | B11: PORTA PIVOTANTE 01 FOLHA INCOLOR 10MM, TEMPERADO, DIMENSÃO 0,80x2,10 -INSTALADO | D11: UN | G11: =(G12+G13+G14)/3 -> 1021.32
B12: =B11 -> PORTA PIVOTANTE 01 FOLHA INCOLOR 10MM, TEMPERADO, DIMENSÃO 0,80x2,10 -INSTALADO | C12: BELLA CASA PERSIANAS E VIDRAÇARIA | D12: UN | E12: 1 | F12: 1050.54 | G12: =F12*E12 -> 1050.54
B13: =B12 -> PORTA PIVOTANTE 01 FOLHA INCOLOR 10MM, TEMPERADO, DIMENSÃO 0,80x2,10 -INSTALADO | C13: SERRAGLASS | D13: UN | E13: 1 | F13: 1061.42 | G13: =F13*E13 -> 1061.42 | H13: =SUM(G12:G14)/3 -> 1021.32 | I13: 1050.54
B14: =B13 -> PORTA PIVOTANTE 01 FOLHA INCOLOR 10MM, TEMPERADO, DIMENSÃO 0,80x2,10 -INSTALADO | C14: VIDRAÇARIA PARANA | D14: UN | E14: 1 | F14: 952 | G14: =F14*E14 -> 952
A15: COTAÇÃO 3 | B15: PORTA DE CORRER 04 FOLHAS INCOLOR 10MM, TEMPERADO, DIMENSÃO 3,00x2,10 -INSTALADO | D15: UN | G15: =(G16+G17+G18)/3 -> 2790.1967
B16: =B15 -> PORTA DE CORRER 04 FOLHAS INCOLOR 10MM, TEMPERADO, DIMENSÃO 3,00x2,10 -INSTALADO | C16: BELLA CASA PERSIANAS E VIDRAÇARIA | D16: UN | E16: 1 | F16: 2611.14 | G16: =F16*E16 -> 2611.14
B17: =B16 -> PORTA DE CORRER 04 FOLHAS INCOLOR 10MM, TEMPERADO, DIMENSÃO 3,00x2,10 -INSTALADO | C17: SERRAGLASS | D17: UN | E17: 1 | F17: 3149.45 | G17: =F17*E17 -> 3149.45 | H17: =SUM(G16:G18)/3 -> 2790.1967 | I17: 2611.14
B18: =B17 -> PORTA DE CORRER 04 FOLHAS INCOLOR 10MM, TEMPERADO, DIMENSÃO 3,00x2,10 -INSTALADO | C18: VIDRAÇARIA PARANA | D18: UN | E18: 1 | F18: 2610 | G18: =F18*E18 -> 2610
A19: COTAÇÃO 4 | B19: JANELA MAXIM-AR 01 FOLHA INCOLOR 8MM, TEMPERADO, DIMENSÃO 0,80x0,80 -INSTALADO | D19: UN | G19: =(G20+G21+G22)/3 -> 318.76
B20: =B19 -> JANELA MAXIM-AR 01 FOLHA INCOLOR 8MM, TEMPERADO, DIMENSÃO 0,80x0,80 -INSTALADO | C20: BELLA CASA PERSIANAS E VIDRAÇARIA | D20: UN | E20: 1 | F20: 260.26 | G20: =F20*E20 -> 260.26
B21: =B20 -> JANELA MAXIM-AR 01 FOLHA INCOLOR 8MM, TEMPERADO, DIMENSÃO 0,80x0,80 -INSTALADO | C21: SERRAGLASS | D21: UN | E21: 1 | F21: 407.02 | G21: =F21*E21 -> 407.02 | H21: =SUM(G20:G22)/3 -> 318.76 | I21: 260.26
B22: =B21 -> JANELA MAXIM-AR 01 FOLHA INCOLOR 8MM, TEMPERADO, DIMENSÃO 0,80x0,80 -INSTALADO | C22: VIDRAÇARIA PARANA | D22: UN | E22: 1 | F22: 289 | G22: =F22*E22 -> 289
A23: COTAÇÃO 5 | B23: JANELA DE CORRER 04 FOLHAS INCOLOR 8MM, TEMPERADO, DIMENSÃO 1,20x1,00 -INSTALADO | D23: UN | G23: =(G24+G25+G26)/3 -> 622.50333
B24: =B23 -> JANELA DE CORRER 04 FOLHAS INCOLOR 8MM, TEMPERADO, DIMENSÃO 1,20x1,00 -INSTALADO | C24: BELLA CASA PERSIANAS E VIDRAÇARIA | D24: UN | E24: 1 | F24: 535.95 | G24: =F24*E24 -> 535.95
B25: =B24 -> JANELA DE CORRER 04 FOLHAS INCOLOR 8MM, TEMPERADO, DIMENSÃO 1,20x1,00 -INSTALADO | C25: SERRAGLASS | D25: UN | E25: 1 | F25: 681.56 | G25: =F25*E25 -> 681.56 | H25: =SUM(G24:G26)/3 -> 622.50333 | I25: 650
B26: =B25 -> JANELA DE CORRER 04 FOLHAS INCOLOR 8MM, TEMPERADO, DIMENSÃO 1,20x1,00 -INSTALADO | C26: VIDRAÇARIA PARANA | D26: UN | E26: 1 | F26: 650 | G26: =F26*E26 -> 650
A27: COTAÇÃO 6 | B27: JANELA DE CORRER 04 FOLHAS INCOLOR 8MM, TEMPERADO, DIMENSÃO 1,70x1,20 -INSTALADO | D27: UN | G27: =(G28+G29+G30)/3 -> 857.81667
B28: =B27 -> JANELA DE CORRER 04 FOLHAS INCOLOR 8MM, TEMPERADO, DIMENSÃO 1,70x1,20 -INSTALADO | C28: BELLA CASA PERSIANAS E VIDRAÇARIA | D28: UN | E28: 1 | F28: 800.97 | G28: =F28*E28 -> 800.97
B29: =B28 -> JANELA DE CORRER 04 FOLHAS INCOLOR 8MM, TEMPERADO, DIMENSÃO 1,70x1,20 -INSTALADO | C29: SERRAGLASS | D29: UN | E29: 1 | F29: 1002.48 | G29: =F29*E29 -> 1002.48 | H29: =SUM(G28:G30)/3 -> 857.81667 | I29: 800.97
B30: =B29 -> JANELA DE CORRER 04 FOLHAS INCOLOR 8MM, TEMPERADO, DIMENSÃO 1,70x1,20 -INSTALADO | C30: VIDRAÇARIA PARANA | D30: UN | E30: 1 | F30: 770 | G30: =F30*E30 -> 770
A31: COTAÇÃO 7 | B31: JANELA DE CORRER 04 FOLHAS INCOLOR 8MM, TEMPERADO, DIMENSÃO 1,80x1,20 -INSTALADO | D31: UN | G31: =(G32+G33+G34)/3 -> 877.48333
B32: =B31 -> JANELA DE CORRER 04 FOLHAS INCOLOR 8MM, TEMPERADO, DIMENSÃO 1,80x1,20 -INSTALADO | C32: BELLA CASA PERSIANAS E VIDRAÇARIA | D32: UN | E32: 1 | F32: 809.77 | G32: =F32*E32 -> 809.77
B33: =B32 -> JANELA DE CORRER 04 FOLHAS INCOLOR 8MM, TEMPERADO, DIMENSÃO 1,80x1,20 -INSTALADO | C33: SERRAGLASS | D33: UN | E33: 1 | F33: 1014.68 | G33: =F33*E33 -> 1014.68 | H33: =SUM(G32:G34)/3 -> 877.48333 | I33: 809.77
B34: =B33 -> JANELA DE CORRER 04 FOLHAS INCOLOR 8MM, TEMPERADO, DIMENSÃO 1,80x1,20 -INSTALADO | C34: VIDRAÇARIA PARANA | D34: UN | E34: 1 | F34: 808 | G34: =F34*E34 -> 808
A35: COTAÇÃO 8 | B35: JANELA DE CORRER 04 FOLHAS INCOLOR 8MM, TEMPERADO, DIMENSÃO 2,20x1,20 -INSTALADO | D35: UN | G35: =(G36+G37+G38)/3 -> 1018.7667
B36: =B35 -> JANELA DE CORRER 04 FOLHAS INCOLOR 8MM, TEMPERADO, DIMENSÃO 2,20x1,20 -INSTALADO | C36: BELLA CASA PERSIANAS E VIDRAÇARIA | D36: UN | E36: 1 | F36: 945.04 | G36: =F36*E36 -> 945.04
B37: =B36 -> JANELA DE CORRER 04 FOLHAS INCOLOR 8MM, TEMPERADO, DIMENSÃO 2,20x1,20 -INSTALADO | C37: SERRAGLASS | D37: UN | E37: 1 | F37: 1181.26 | G37: =F37*E37 -> 1181.26 | H37: =SUM(G36:G38)/3 -> 1018.7667 | I37: 930
B38: =B37 -> JANELA DE CORRER 04 FOLHAS INCOLOR 8MM, TEMPERADO, DIMENSÃO 2,20x1,20 -INSTALADO | C38: VIDRAÇARIA PARANA | D38: UN | E38: 1 | F38: 930 | G38: =F38*E38 -> 930
A39: COTAÇÃO 9 | B39: JANELA DE CORRER 04 FOLHAS INCOLOR 8MM, TEMPERADO, DIMENSÃO 2,50x1,20 -INSTALADO | D39: UN | G39: =(G40+G41+G42)/3 -> 1150.53
B40: =B39 -> JANELA DE CORRER 04 FOLHAS INCOLOR 8MM, TEMPERADO, DIMENSÃO 2,50x1,20 -INSTALADO | C40: BELLA CASA PERSIANAS E VIDRAÇARIA | D40: UN | E40: 1 | F40: 1075.85 | G40: =F40*E40 -> 1075.85
B41: =B40 -> JANELA DE CORRER 04 FOLHAS INCOLOR 8MM, TEMPERADO, DIMENSÃO 2,50x1,20 -INSTALADO | C41: SERRAGLASS | D41: UN | E41: 1 | F41: 1340.74 | G41: =F41*E41 -> 1340.74 | H41: =SUM(G40:G42)/3 -> 1150.53
B42: =B41 -> JANELA DE CORRER 04 FOLHAS INCOLOR 8MM, TEMPERADO, DIMENSÃO 2,50x1,20 -INSTALADO | C42: VIDRAÇARIA PARANA | D42: UN | E42: 1 | F42: 1035 | G42: =F42*E42 -> 1035
A43: COTAÇÃO 10 | B43: JANELA DE CORRER 04 FOLHAS INCOLOR 8MM, TEMPERADO, DIMENSÃO 2,70x1,50 -INSTALADO | D43: UN | G43: =(G44+G45+G46)/3 -> 1437.54
B44: =B43 -> JANELA DE CORRER 04 FOLHAS INCOLOR 8MM, TEMPERADO, DIMENSÃO 2,70x1,50 -INSTALADO | C44: BELLA CASA PERSIANAS E VIDRAÇARIA | D44: UN | E44: 1 | F44: 1355.35 | G44: =F44*E44 -> 1355.35
B45: =B44 -> JANELA DE CORRER 04 FOLHAS INCOLOR 8MM, TEMPERADO, DIMENSÃO 2,70x1,50 -INSTALADO | C45: SERRAGLASS | D45: UN | E45: 1 | F45: 1674.27 | G45: =F45*E45 -> 1674.27 | H45: =SUM(G44:G46)/3 -> 1437.54
B46: =B45 -> JANELA DE CORRER 04 FOLHAS INCOLOR 8MM, TEMPERADO, DIMENSÃO 2,70x1,50 -INSTALADO | C46: VIDRAÇARIA PARANA | D46: UN | E46: 1 | F46: 1283 | G46: =F46*E46 -> 1283
A47: COTAÇÃO 11 | B47: JANELA DE CORRER 04 FOLHAS INCOLOR 8MM, TEMPERADO, DIMENSÃO 2,90x0,80 -INSTALADO | D47: UN | G47: =(G48+G49+G50)/3 -> 988.58333
B48: =B47 -> JANELA DE CORRER 04 FOLHAS INCOLOR 8MM, TEMPERADO, DIMENSÃO 2,90x0,80 -INSTALADO | C48: BELLA CASA PERSIANAS E VIDRAÇARIA | D48: UN | E48: 1 | F48: 917.03 | G48: =F48*E48 -> 917.03
B49: =B48 -> JANELA DE CORRER 04 FOLHAS INCOLOR 8MM, TEMPERADO, DIMENSÃO 2,90x0,80 -INSTALADO | C49: SERRAGLASS | D49: UN | E49: 1 | F49: 1162.72 | G49: =F49*E49 -> 1162.72 | H49: =SUM(G48:G50)/3 -> 988.58333
B50: =B49 -> JANELA DE CORRER 04 FOLHAS INCOLOR 8MM, TEMPERADO, DIMENSÃO 2,90x0,80 -INSTALADO | C50: VIDRAÇARIA PARANA | D50: UN | E50: 1 | F50: 886 | G50: =F50*E50 -> 886
A51: COTAÇÃO 12 | B51: JANELA DE CORRER 04 FOLHAS INCOLOR 8MM, TEMPERADO, DIMENSÃO 3,20x1,50 -INSTALADO | D51: UN | G51: =(G52+G53+G54)/3 -> 1631.0333
B52: =B51 -> JANELA DE CORRER 04 FOLHAS INCOLOR 8MM, TEMPERADO, DIMENSÃO 3,20x1,50 -INSTALADO | C52: BELLA CASA PERSIANAS E VIDRAÇARIA | D52: UN | E52: 1 | F52: 1525.52 | G52: =F52*E52 -> 1525.52
B53: =B52 -> JANELA DE CORRER 04 FOLHAS INCOLOR 8MM, TEMPERADO, DIMENSÃO 3,20x1,50 -INSTALADO | C53: SERRAGLASS | D53: UN | E53: 1 | F53: 1882.58 | G53: =F53*E53 -> 1882.58 | H53: =SUM(G52:G54)/3 -> 1631.0333
B54: =B53 -> JANELA DE CORRER 04 FOLHAS INCOLOR 8MM, TEMPERADO, DIMENSÃO 3,20x1,50 -INSTALADO | C54: VIDRAÇARIA PARANA | D54: UN | E54: 1 | F54: 1485 | G54: =F54*E54 -> 1485
A55: COTAÇÃO 13 | B55: LUMINARIA DE LED 40W | D55: UN | G55: =(G56+G57+G58)/3 -> 145
B56: =B55 -> LUMINARIA DE LED 40W | C56: CONSTRUSUL MAT. CONSTRUÇÃO | D56: UN | E56: 1 | F56: 140 | G56: =F56*E56 -> 140
B57: =B56 -> LUMINARIA DE LED 40W | C57: CANDIDO MAT. CONSTRUÇÃO | D57: UN | E57: 1 | F57: 145 | G57: =F57*E57 -> 145 | H57: =SUM(G56:G58)/3 -> 145
B58: =B57 -> LUMINARIA DE LED 40W | C58: RODOLFO MAT. CONSTRUÇÃO | D58: UN | E58: 1 | F58: 150 | G58: =F58*E58 -> 150
A59: COTAÇÃO 14 | B59: PADRÃO DE ENERGIA C/ POSTE 3X200A - INSTALADO | D59: UN | G59: =(G60+G61+G62)/3 -> 5910
B60: =B59 -> PADRÃO DE ENERGIA C/ POSTE 3X200A - INSTALADO | C60: CANDIDO MAT. CONSTRUÇÃO | D60: UN | E60: 1 | F60: 5900 | G60: =F60*E60 -> 5900
B61: =B60 -> PADRÃO DE ENERGIA C/ POSTE 3X200A - INSTALADO | C61: CONSTRUSUL MAT. CONSTRUÇÃO | D61: UN | E61: 1 | F61: 5910 | G61: =F61*E61 -> 5910 | H61: =SUM(G60:G62)/3 -> 5910
B62: =B61 -> PADRÃO DE ENERGIA C/ POSTE 3X200A - INSTALADO | C62: PRO AGRICOLA | D62: UN | E62: 1 | F62: 5920 | G62: =F62*E62 -> 5920
A63: COTAÇÃO 15 | B63: LETREIRO EM ACM ''CLINICA DE FISIOTERAPIA" - INSTALADO | D63: CJ | G63: =(G64+G65+G66)/3 -> 2533.3333
B64: =B63 -> LETREIRO EM ACM ''CLINICA DE FISIOTERAPIA" - INSTALADO | C64: ELEVE | D64: CJ | E64: 1 | F64: 2800 | G64: =F64*E64 -> 2800
B65: =B64 -> LETREIRO EM ACM ''CLINICA DE FISIOTERAPIA" - INSTALADO | C65: JANJÃO | D65: CJ | E65: 1 | F65: 2500 | G65: =F65*E65 -> 2500 | H65: =SUM(G64:G66)/3 -> 2533.3333
B66: =B65 -> LETREIRO EM ACM ''CLINICA DE FISIOTERAPIA" - INSTALADO | C66: PRINT ART | D66: CJ | E66: 1 | F66: 2300 | G66: =F66*E66 -> 2300
